 Dungeon Crawl Stone Soup version 0.30.0 (webtiles) character file.

Game seed: 15393660386806883442

597748 steven32 the Cloud Mage (level 26, -11/237 HPs)
             Began as a Black Draconian Earth Elementalist on May 6, 2023.
             Was a High Priest of Sif Muna.
             Mangled by an Orb Guardian (30 damage)
             ... on level 5 of the Realm of Zot on May 7, 2023.
             The game lasted 04:06:02 (132646 turns).

steven32 the Cloud Mage (DrEE)                    Turns: 132646, Time: 04:06:03

Health: -11/237    AC: 17    Str: 15    XL:     26   Next: 39%
Magic:  15/45      EV: 25    Int: 26    God:    Sif Muna [*****.]
Gold:   1496       SH:  0    Dex: 18    Spells: 3/61 levels left

rFire   + . .        a - melded staff of earth "Pyfiekec" {Will+ Dex+3}
rCold   + . .        d - melded +1 buckler "Moapiacoejy" {Str+3 Dex+4 SInv}
rNeg    + . .        (body armour unavailable)
rPois   ∞            T - melded +2 hat {Stlth+}
rElec   +            R - melded scarf of Iplif {rC+ rF+, rPois}
rCorr   .            l - melded +2 pair of gloves
SInv    .            x - melded +2 pair of boots
Will    ++...        N - amulet "Lyho Qiuho" {RegenMP Str+3}
Stlth   +++          z - ring of willpower
HPRegen 0.59/turn    w - ring of Siakeusa {*Slow rF+ rC+ rN+ Int+2 Dex+6}
MPRegen 0.69/turn

%: slow self (1%)
@: storm-form, marked, flying, slowed, studying Polearms, very slow
A: cleaving, insubstantial, flying, (breathe lightning), AC +12, unfitting
armour, (big wings), (electricity resistance), (cold-blooded), (cold resistance
1), dopey 1, no potion heal 1, subdued magic 1
}: 3/15 runes: decaying, serpentine, slimy
a: Blinkbolt, End Transformation, Renounce Religion, Channel Magic, Forget
Spell, Divine Exegesis


You were on level 5 of the Realm of Zot.
You worshipped Sif Muna.
Sif Muna was extremely pleased with you.
You were a lightning-filled tempest!
You visited 12 branches of the dungeon, and saw 55 of its levels.
You visited the Abyss 1 time.
You also visited: Trove, Sewer, Bailey and Desolation.

You collected 8611 gold pieces.
You spent 7115 gold pieces at shops.

Inventory:

Hand Weapons
 b - the +3 broad axe "Punluasu" {elec, *Noise rCorr Int+4 SInv, !a}
   (You found it on level 1 of the Swamp)

   Int:       It affects your intelligence (+4).
   SInv:      It lets you see invisible.
   *Noise:    It may make noises in combat.
   rCorr:     It protects you from acid and corrosion.
Missiles
 i - 9 curare-tipped darts
 C - a throwing net
Armour
 d - the +1 buckler "Moapiacoejy" (melded) {Str+3 Dex+4 SInv}
   (You took it off a vampire on level 3 of the Crypt)

   Str:       It affects your strength (+3).
   Dex:       It affects your dexterity (+4).
   SInv:      It lets you see invisible.
 l - a +2 pair of gloves (melded)
 x - a +2 pair of boots (melded)
 R - the scarf of Iplif (melded) {rC+ rF+, rPois}
   (You acquired it on level 1 of the Realm of Zot)

   rPois:     It protects you from poison.
 T - a +2 hat of stealth (melded)
Magical Staves
 a - the staff of earth "Pyfiekec" (melded) {Will+ Dex+3}
   (You found it on level 3 of the Elven Halls)

   [staff of earth]

   Base accuracy: +5 Base damage: 5 Base attack delay: 1.2 This weapon's minimum
   attack delay (0.6) is reached at skill level 12.
   Dex:       It affects your dexterity (+3).
   Will:      It increases your willpower.
   It falls into the 'Staves' category.
   It is a one-handed weapon.
 U - the staff of earth "Ittaw" {+Blink rF+++ Stlth-}
   (You found it on level 3 of the Crypt)

   [staff of earth]

   Base accuracy: +5 Base damage: 5 Base attack delay: 1.2 This weapon's minimum
   attack delay (0.6) is reached at skill level 12.
   rF:        It renders you almost immune to fire.
   +Blink:    It lets you blink.
   Stlth:     It makes you less stealthy.
   It falls into the 'Staves' category.
   It is a one-handed weapon.
Jewellery
 p - a +6 ring of intelligence
 w - the ring of Siakeusa (right fist) {*Slow rF+ rC+ rN+ Int+2 Dex+6}
   (You took it off a vault warden on level 3 of the Vaults)

   [ring of dexterity]

   Int:       It affects your intelligence (+2).
   Dex:       It affects your dexterity (+6).
   rF:        It protects you from fire.
   rC:        It protects you from cold.
   rN:        It protects you from negative energy.
   *Slow:     It may slow you when you take damage.
 z - a ring of willpower (left fist)
 L - a ring of positive energy
 M - a ring of poison resistance
 N - the amulet "Lyho Qiuho" (around neck) {RegenMP Str+3}
   (You bought it in a shop on level 1 of the Elven Halls)

   [amulet of magic regeneration]

   It increases your rate of magic regeneration.
   Str:       It affects your strength (+3).
Wands
 r - a wand of iceblast (75)
 s - a wand of polymorph (18)
 H - a wand of flame (66)
 K - a wand of quicksilver (14)
 P - a wand of mindburst (44)
 W - a wand of digging (23)
Scrolls
 c - 8 scrolls of poison
 f - 7 scrolls of fear
 g - 5 scrolls of magic mapping
 h - 3 scrolls of butterflies
 k - 17 scrolls of teleportation
 n - 4 scrolls of brand weapon
 t - 14 scrolls of vulnerability
 v - 3 scrolls of silence
 y - 3 scrolls of torment
 E - 3 scrolls of enchant weapon
 F - 5 scrolls of blinking
 I - 8 scrolls of fog
 X - 6 scrolls of immolation
Potions
 e - 17 potions of curing
 j - 8 potions of mutation
 m - 13 potions of brilliance
 o - 9 potions of magic
 q - 2 potions of berserk rage
 A - 9 potions of cancellation
 B - 9 potions of ambrosia
 D - 7 potions of heal wounds
 J - 6 potions of might
 Q - 5 potions of resistance
 S - 6 potions of invisibility
 V - 7 potions of lignification
 Z - 6 potions of haste
Miscellaneous
 u - a phial of floods
 G - a box of beasts
 O - a lightning rod (4/4)
 Y - a phantom mirror


   Skills:
 + Level 19.5 Fighting
 - Level 10.0 Dodging
 - Level 4.0 Stealth
 - Level 16.0 Unarmed Combat
 - Level 18.0 Spellcasting
 - Level 8.0 Conjurations
 - Level 10.0 Necromancy
 - Level 10.0 Translocations
 - Level 16.0 Transmutations
 - Level 12.0 Fire Magic
 - Level 18.0 Ice Magic
 - Level 21.5 Air Magic
 - Level 8.0 Earth Magic
 - Level 4.0 Poison Magic
 - Level 14.0 Invocations


You had 3 spell levels left.
You knew the following spells:

 Your Spells              Type           Power      Damage    Failure   Level
a - Sublimation of Blood  Necr           55%        N/A       1%          2
b - Plasma Beam           Fire/Air       35%        2x1d53    1%          6
c - Borgnjor's Vile Clut  Necr/Erth      26%        N/A       1%          5
d - Irradiate             Conj/Tmut      30%        3d21      1%          5
e - Passage of Golubria   Tloc           55%        N/A       1%          4
g - Stone Arrow           Conj/Erth      100%       3d13      1%          3
i - Ignite Poison         Fire/Tmut/Pois 57%        N/A       1%          3
m - Maxwell's Capacitive  Air            40%        ∞         1%          8
p - Passwall              Tmut/Erth      50%        N/A       0%          2
r - Ozocubu's Refrigerat  Ice            37%        4d15      1%          7
s - Storm Form            Tmut/Air       37%        N/A       1%          7
v - Poisonous Vapours     Pois/Air       100%       N/A       0%          2
z - Manifold Assault      Tloc           55%        N/A       1%          4

Your spell library contained the following spells:

 Spells                   Type           Power      Damage    Failure   Level
 Apportation              Tloc           100%       N/A       0%          1
 Beastly Appendage        Tmut           100%       N/A       0%          1
 Foxfire                  Conj/Fire      100%       2x1d9     0%          1
 Freeze                   Ice            100%       1d10      0%          1
 Necrotise                Necr           100%       1d9       0%          1
 Shock                    Conj/Air       100%       1d9       0%          1
 Sting                    Tmut/Pois      100%       1d8       0%          1
 Cigotuvi's Dreadful Rot  Necr/Pois/Air  100%       N/A       0%          2
 Scorch                   Fire           100%       2d9       0%          2
 Static Discharge         Conj/Air       100%       2-7/arc   0%          2
 Wereblood                Tmut           70%        N/A       0%          2
 Frozen Ramparts          Ice            100%       1d16      0%          3
 Hailstorm                Conj/Ice       63%        3d13      0%          3
 Ozocubu's Armour         Ice            74%        N/A       0%          3
 Swiftness                Air            81%        N/A       0%          3
 Vhi's Electric Charge    Tloc/Air       100%       N/A       0%          3
 Kiss of Death            Conj/Necr      100%       2d13      1%          1
 Magic Dart               Conj           100%       1d8       1%          1
 Sandblast                Erth           100%       2d20      1%          1
 Slow                     Hex            72%        N/A       1%          1
 Summon Small Mammal      Summ           72%        N/A       1%          1
 Blink                    Tloc           100%       N/A       1%          2
 Ensorcelled Hibernation  Hex/Ice        100%       N/A       1%          2
 Lesser Beckoning         Tloc           100%       N/A       1%          2
 Momentum Strike          Conj/Tloc      100%       3d10      1%          2
 Searing Ray              Conj           100%       2d8       1%          2
 Dazzling Flash           Conj/Hex       68%        N/A       1%          3
 Gell's Gravitas          Tloc           55%        N/A       1%          3
 Inner Flame              Hex/Fire       42%        N/A       1%          3
 Mephitic Cloud           Conj/Pois/Air  58%        N/A       1%          3
 Portal Projectile        Hex/Tloc       76%        N/A       1%          3
 Spider Form              Tmut/Pois      55%        N/A       1%          3
 Teleport Other           Tloc           55%        N/A       1%          3
 Vampiric Draining        Necr           55%        2d9       1%          3
 Volatile Blastmotes      Fire/Tloc      100%       2d18      1%          3
 Call Imp                 Summ           36%        N/A       2%          2
 Call Canine Familiar     Summ           18%        N/A       4%          3
 Confusing Touch          Hex            18%        N/A       4%          3
 Summon Guardian Golem    Hex/Summ       18%        N/A       4%          3
 Tukima's Dance           Hex            18%        N/A       4%          3
 Airstrike                Air            40%        2d(6-22)  0%          4
 Ice Form                 Ice/Tmut       72%        N/A       0%          4
 Anguish                  Hex/Necr       19%        N/A       1%          4
 Animate Dead             Necr           55%        N/A       1%          4
 Dispel Undead            Necr           55%        3d20      1%          4
 Flame Wave               Conj/Fire      55%        2d13      1%          4
 Iskenderun's Mystic Bla  Conj/Tloc      52%        2d11      1%          4
 Petrify                  Tmut/Erth      60%        N/A       1%          4
 Sticky Flame             Conj/Fire      55%        2d7       1%          4
 Summon Ice Beast         Ice/Summ       52%        N/A       1%          4
 Summon Lightning Spire   Summ/Air       57%        N/A       1%          4
 Agony                    Necr           55%        N/A       1%          5
 Alistair's Intoxication  Tmut/Pois      36%        N/A       1%          5
 Arcjolt                  Conj/Air       33%        1d43      1%          5
 Blade Hands              Tmut           35%        N/A       1%          5
 Fireball                 Conj/Fire      27%        3d12      1%          5
 Freezing Cloud           Conj/Ice/Air   34%        6-21      1%          5
 Iskenderun's Battlesphe  Conj           50%        2d10      1%          5
 Lee's Rapid Deconstruct  Erth           25%        3d14*     1%          5
 Metabolic Englaciation   Hex/Ice        26%        N/A       1%          5
 Silence                  Hex/Air        28%        N/A       1%          5
 Yara's Violent Unravell  Hex/Tmut       25%        3d11      1%          5
 Conjure Ball Lightning   Conj/Air       33%        3x3d11    1%          6
 Simulacrum               Ice/Necr       32%        N/A       1%          6
 Statue Form              Tmut/Erth      40%        N/A       1%          6
 Dragon Form              Tmut           35%        N/A       1%          7
 Fulminant Prism          Conj/Hex       17%        3d11      2%          4
 Leda's Liquefaction      Hex/Erth       17%        N/A       2%          4
 Olgreb's Toxic Radiance  Pois           34%        N/A       2%          4
 Death Channel            Necr           27%        N/A       3%          6
 Dispersal                Tloc           27%        N/A       3%          6
 Eringya's Noxious Bog    Tmut/Pois      27%        N/A       3%          6
 Starburst                Conj/Fire      27%        6d9       3%          6
 Summon Forest            Summ/Tloc      19%        N/A       5%          5
 Iron Shot                Conj/Erth      25%        9d5       10%         6
 Cause Fear               Hex            9%         N/A       17%         4
 Summon Mana Viper        Hex/Summ       18%        N/A       45%         5
 Orb of Destruction       Conj           25%        9d9       50%         7
 Necromutation            Tmut/Necr      31%        N/A       50%         8
 Ignition                 Fire           30%        3d10      63%         8
 Polar Vortex             Ice            37%        N/A       73%         9
 Haunt                    Necr/Summ      19%        N/A       89%         7
 Malign Gateway           Summ/Tloc      19%        N/A       89%         7
 Borgnjor's Revivificati  Necr           27%        N/A       89%         8
 Disjunction              Tloc           27%        N/A       89%         8
 Infestation              Necr           27%        N/A       89%         8
 Summon Cactus Giant      Summ           9%         N/A       96%         6
 Spellforged Servitor     Conj/Summ      17%        N/A       96%         7
 Lehudib's Crystal Spear  Conj/Erth      25%        10d7      99%         8
 Chain Lightning          Conj/Air       33%        3d44      99%         9
 Enfeeble                 Hex            9%         N/A       100%        7
 Monstrous Menagerie      Summ           9%         N/A       100%        7
 Summon Hydra             Summ           9%         N/A       100%        7
 Discord                  Hex            9%         N/A       100%        8
 Death's Door             Necr           27%        N/A       100%        9
 Dragon's Call            Summ           9%         N/A       100%        9
 Fire Storm               Conj/Fire      27%        8d7       100%        9
 Shatter                  Erth           25%        3d21*     100%        9
 Animate Armour           Summ/Erth      Unusable   N/A       N/A         4

Dungeon Overview and Level Annotations

Branches:
Dungeon (15/15) Zot: 20788  Temple (1/1) D:7 Zot: 5811    Lair (5/5) D:11 Zot: 17083
  Swamp (4/4) Lair:2 Zot: 15665   Snake (4/4) Lair:3 Zot: 11064   Slime (5/5) Lair:5 Zot: 21229
    Orc (2/2) D:10 Zot: 7547     Elf (3/3) Orc:2 Zot: 11681  Vaults (4/5) D:13 Zot: 6582
  Crypt (3/3) Vaults:3 Zot: 11470    Tomb (0/3) Crypt:3      Depths (4/4) D:15 Zot: 12818
    Zot (5/5) Depths:4 Zot: 15857   Sewer (visited)          Bailey (visited)
Desolation (visited)

Altars:
Ashenzari
Cheibriados
Dithmenos
Elyvilon
Fedhas
Gozag
Hepliaklqana
Kikubaaqudgha
Makhleb
Nemelex Xobeh
Okawaru
Qazlal
Ru
Sif Muna
Trog
Uskayaw
Vehumet
Wu Jian
Xom
Yredelemnul
Zin
The Shining One
Jiyva
Lugonu

Shops:
D:7 **   Orc:2 :[=[   Elf:1 ([=   Elf:3 (   Snake:4 *   Vaults:3 [   Vaults:4 *
Depths:1 (*(*   Depths:4 [=::

Portals:
Hell: Depths:1 Depths:2 Depths:3 Depths:4
Abyss: Depths:3
Pandemonium: Depths:1 Depths:2
Ziggurat: Depths:4

Annotations:
D:14 3 runed translucent doors, Jiolyugh's ghost, journeyman GrEE
D:15 2 transporters, Waecyras's ghost, adept KoGl
Swamp:2 1 runed translucent door, Zachydoop's ghost, journeyman DsGl
Elf:2 3 runed translucent doors
Crypt:1 1 runed translucent door, Woadakig's ghost, veteran FoFi
Crypt:3 3 runed translucent doors, exclusion: obsidian statue, Woadakig's ghost, veteran FoFi
Depths:1 1 runed translucent door, Plog's ghost, adept DgCj
Depths:2 1 transporter


Innate Abilities, Weirdness & Mutations

You are a lightning-filled tempest!
Your electrical attacks strike out in all directions at once.
You are incredibly evasive.
Your insubstantial body is immune to petrification, constriction, and being set on fire You are flying.
You are immune to poison.
Your armour is entirely melded.
You are incapable of wielding weapons or throwing items.
((You can breathe wild blasts of lightning.))
((Your glossy black scales are hard. (AC +12)))
You cannot fit into any form of body armour.
((Your large and strong wings let you fly.))
((You are resistant to electric shocks. (rElec)))
((You are cold-blooded and may be slowed by cold attacks.))
((Your flesh is cold resistant. (rC+)))
You are dopey. (Int -2)
Potions are less effective at restoring your health.
Your spells are a little easier to cast, but a little less powerful.


Message History

The +1 buckler "Moapiacoejy" {Str+3 Dex+4 SInv} melds into your body.
You feel hot and cold all over.
You feel less stealthy.
You now have 38/45 mp.
You fly downwards.
There is a stone staircase leading up, spattered with blood here.
You regained 2 mp, and now have 40/45 mp.
You see here a +0 scimitar.
A green draconian comes into view. It is wielding a +0 flail.
You regained 2 mp, and now have 42/45 mp.
Casting: Storm Form (mildly dangerous; 1% risk of failure)
Confirm with . or Enter, or press ? or * to list all spells.
You can't see any susceptible monsters within range! (Use Z to cast anyway.)
Casting: Storm Form (mildly dangerous; 1% risk of failure)
Confirm with . or Enter, or press ? or * to list all spells.
You begin accumulating electric charge. (Press . to continue charging.)
You feel charge building up...
You now have 35/45 mp.
You feel charge building up...
The green draconian breathes poison at you.
You feel charge building up...
The electricity discharges through the green draconian!!!!
The green draconian vaporises in an electric haze!
You kill the green draconian!
Sif Muna accepts your kill.
You hear a deafening roar!
You see here a +0 scimitar.
There is a stone staircase leading up, spattered with blood here.
You start resting.
Magic restored.
MP restored: 45 You start waiting.
Your transformation is almost over.
Your transformation has ended.
The staff of earth "Pyfiekec" {Will+ Dex+3} unmelds from your body.
The scarf of Iplif {rC+ rF+, rPois} unmelds from your body.
Your +2 hat of stealth unmelds from your body.
Your +2 pair of gloves unmelds from your body.
Your +2 pair of boots unmelds from your body.
The +1 buckler "Moapiacoejy" {Str+3 Dex+4 SInv} unmelds from your body.
You feel resistant to extremes of temperature.
You feel stealthy.
You see here a +0 scimitar.
You now have 1398 gold pieces (gained 12).
Things that are here:
a +0 cloak; a +0 long sword of draining; a white draconian skeleton You now have 1422 gold pieces (gained 24).
Things that are here:
a ring of flight; a +0 war axe of flaming
There is a fountain of clear blue water here.
You now have 1449 gold pieces (gained 27).
Things that are here:
a +0 cloak; a +0 whip
h - 4 scrolls of butterflies (gained 1)
You now have 1496 gold pieces (gained 47).
You see here a +0 flail.
Casting: Maxwell's Capacitive Coupling (dangerous; 2% risk of failure)
Confirm with . or Enter, or press ? or * to list all spells.
You turn into a lightning-filled tempest!
The staff of earth "Pyfiekec" {Will+ Dex+3} melds into your body.
The scarf of Iplif {rC+ rF+, rPois} melds into your body.
Your +2 hat of stealth melds into your body.
Your +2 pair of gloves melds into your body.
Your +2 pair of boots melds into your body.
The +1 buckler "Moapiacoejy" {Str+3 Dex+4 SInv} melds into your body.
You feel hot and cold all over.
You feel less stealthy.
You now have 39/45 mp.
You start resting.
Magic restored.
MP restored: 45 You start waiting.
Your transformation is almost over.
Your transformation has ended.
The staff of earth "Pyfiekec" {Will+ Dex+3} unmelds from your body.
The scarf of Iplif {rC+ rF+, rPois} unmelds from your body.
Your +2 hat of stealth unmelds from your body.
Your +2 pair of gloves unmelds from your body.
Your +2 pair of boots unmelds from your body.
The +1 buckler "Moapiacoejy" {Str+3 Dex+4 SInv} unmelds from your body.
You feel resistant to extremes of temperature.
You feel stealthy.
You start waiting.
Done waiting.
What are your orders? t - Shout!
Orders for allies: a - Attack new target. r - Retreat! s - Stop attacking. g - Guard the area. f - Follow me.
Anything else - Cancel.
You shout for attention!
You start waiting.
Done waiting.
What are your orders? t - Shout!
Orders for allies: a - Attack new target. r - Retreat! s - Stop attacking. g - Guard the area. f - Follow me.
Anything else - Cancel.
You shout for attention!
You start waiting.
Done waiting.
What are your orders? t - Shout!
Orders for allies: a - Attack new target. r - Retreat! s - Stop attacking. g - Guard the area. f - Follow me.
Anything else - Cancel.
You shout for attention!
You start waiting.
An orb of fire comes into view.
Casting: Storm Form (mildly dangerous; 1% risk of failure)
Confirm with . or Enter, or press ? or * to list all spells.
You begin accumulating electric charge. (Press . to continue charging.)
You feel charge building up...
The orb of fire glows deep purple.
The fireball explodes!
The fireball engulfs you!! You resist.
You take 24 damage, and have 208/232 hp.
You now have 38/45 mp.
You feel charge building up...
The orb of fire glows yellow.
The fireball explodes!
The fireball engulfs you!! You resist.
You take 17 damage, and have 191/232 hp.
You feel charge building up...
The orb of fire glows yellow.
Strange energies course through your body.
Your connection to magic feels subdued.
You feel charge building up...
The orb of fire glows yellow.
The bolt of fire hits you!! You resist.
You take 22 damage, and have 170/232 hp.
The electricity discharges through the orb of fire!!!!!
The orb of fire vaporises in an electric haze!
You destroy the orb of fire!
Sif Muna accepts your kill.
You hear a deafening roar! x2; You hear a roar! x2; You hear a deafening roar!
You regained 2 hp, and now have 172/234 hp.
Unknown command.
Magic restored.
You see here a +0 flail.
Things that are here:
a +0 cloak; a +0 whip
There is a fountain of clear blue water here.
You regained 6 hp, and now have 178/234 hp.
MP restored: 45
Casting: Maxwell's Capacitive Coupling (mildly dangerous; 1% risk of failure)
Confirm with . or Enter, or press ? or * to list all spells.
Okay, then.
Unknown command.
You start resting.
You start resting.
HP restored.
Health restored: 234 You see here a +9 club of freezing.
Okay, then.
What are your orders? t - Shout!
Orders for allies: a - Attack new target. r - Retreat! s - Stop attacking. g - Guard the area. f - Follow me.
Anything else - Cancel.
You shout for attention!
You start waiting.
Done waiting.
What are your orders? t - Shout!
Orders for allies: a - Attack new target. r - Retreat! s - Stop attacking. g - Guard the area. f - Follow me.
Anything else - Cancel.
You shout for attention!
You start waiting.
A storm dragon comes into view.
Casting: Maxwell's Capacitive Coupling (mildly dangerous; 1% risk of failure)
Confirm with . or Enter, or press ? or * to list all spells.
Aiming: Poisonous Vapours (safe; 0% risk of failure)
Press: ? - help, Dir - move target, f - storm dragon
Aim: a storm dragon (wandering, hasn't noticed you) Poisonous vapours surround the storm dragon!
The storm dragon looks as sick as possible!
The storm dragon roars deafeningly!
The storm dragon breathes lightning at you.
The bolt of lightning hits you. You resist.
You hear a shout!
You take 2 damage, and have 232/234 hp.
You now have 43/45 mp.
Casting: Poisonous Vapours (safe; 0% risk of failure)
Confirm with . or Enter, or press ? or * to list all spells.
Aiming: Poisonous Vapours (safe; 0% risk of failure)
Press: ? - help, Dir - move target, f/p - storm dragon
Aim: a storm dragon (lightly wounded, extremely poisoned, catching its breath) Poisonous vapours surround the storm dragon!
The storm dragon looks as sick as possible!
You now have 42/45 mp.
Casting: Poisonous Vapours (safe; 0% risk of failure)
Confirm with . or Enter, or press ? or * to list all spells.
You ignite the poison in your surroundings!
The storm dragon seems to burn from within!!!!
The storm dragon is severely wounded.
You now have 40/45 mp.
Casting: Ignite Poison (safe; 1% risk of failure)
Confirm with . or Enter, or press ? or * to list all spells.
Aiming: Poisonous Vapours (safe; 0% risk of failure)
Press: ? - help, Dir - move target, f/p - storm dragon
Aim: a storm dragon (severely wounded) Poisonous vapours surround the storm dragon!
The storm dragon looks as sick as possible!
Health restored: 234 You now have 38/45 mp.
Casting: Poisonous Vapours (safe; 0% risk of failure)
Confirm with . or Enter, or press ? or * to list all spells.
You ignite the poison in your surroundings!
The storm dragon seems to burn from within!!!
You kill the storm dragon!
Sif Muna accepts your kill.
You now have 36/45 mp.
You start resting.
Magic restored.
MP restored: 45 What are your orders? t - Shout!
Orders for allies: a - Attack new target. r - Retreat! s - Stop attacking. g - Guard the area. f - Follow me.
Anything else - Cancel.
You shout for attention!
You start waiting.
Done waiting.
You see here a storm dragon corpse.
What are your orders? t - Shout!
Orders for allies: a - Attack new target. r - Retreat! s - Stop attacking. g - Guard the area. f - Follow me.
Anything else - Cancel.
You shout for attention!
You start waiting.
The quicksilver dragon fails to trigger a net trap.
A quicksilver dragon comes into view.
Casting: Ignite Poison (safe; 1% risk of failure)
Confirm with . or Enter, or press ? or * to list all spells.
You begin accumulating electric charge. (Press . to continue charging.)
The quicksilver dragon roars deafeningly!
You feel charge building up...
You now have 38/45 mp.
You feel charge building up...
You feel charge building up...
The electricity discharges through the quicksilver dragon!!!!
The quicksilver dragon vaporises in an electric haze!
You kill the quicksilver dragon!
Sif Muna accepts your kill.
You hear a shout!
You hear a deafening roar!
You hear a shout!
You start resting.
Magic restored.
MP restored: 45 You start waiting.
The storm dragon fails to trigger a net trap.
A storm dragon comes into view.
Casting: Maxwell's Capacitive Coupling (mildly dangerous; 1% risk of failure)
Confirm with . or Enter, or press ? or * to list all spells.
You begin accumulating electric charge. (Press . to continue charging.)
The storm dragon roars deafeningly!
You feel charge building up...
The storm dragon breathes lightning at you.
The bolt of lightning misses you.
You hear a shout! x2
You now have 38/45 mp.
You feel charge building up...
You feel charge building up...
The storm dragon breathes lightning at you.
The bolt of lightning misses you.
The electricity discharges through the storm dragon!!!!
The storm dragon vaporises in an electric haze!
You kill the storm dragon!
Sif Muna accepts your kill.
The storm dragon scales are intact enough to wear.
You start resting.
Magic restored.
MP restored: 45 You start waiting.
Done waiting.
What are your orders? t - Shout!
Orders for allies: a - Attack new target. r - Retreat! s - Stop attacking. g - Guard the area. f - Follow me.
Anything else - Cancel.
You shout for attention!
You hear a shout!
You start waiting.
Done waiting.
What are your orders? t - Shout!
Orders for allies: a - Attack new target. r - Retreat! s - Stop attacking. g - Guard the area. f - Follow me.
Anything else - Cancel.
You shout for attention!
You start waiting.
Done waiting.
What are your orders? t - Shout!
Orders for allies: a - Attack new target. r - Retreat! s - Stop attacking. g - Guard the area. f - Follow me.
Anything else - Cancel.
You shout for attention!
You hear a shout!
You start waiting.
An ancient lich comes into view.
Casting: Maxwell's Capacitive Coupling (mildly dangerous; 1% risk of failure)
Confirm with . or Enter, or press ? or * to list all spells.
You begin accumulating electric charge. (Press . to continue charging.)
You feel charge building up...
The ancient lich casts a spell.
The ancient lich seems to speed up.
You now have 37/45 mp.
You feel charge building up...
You feel charge building up...
You feel charge building up... The ancient lich misses you.
You feel charge building up...
The ancient lich gestures at you while chanting.
The bolt of acid hits you!! The acid corrodes you!
The ancient lich touches you!
You take 44 damage, and have 190/234 hp.
The electricity discharges through the ancient lich!!!!
The ancient lich vaporises in an electric haze!
You destroy the ancient lich!
Sif Muna accepts your kill.
You hear a roar! x2; You hear a shout! x2
You start resting.
Magic restored.
You regained 4 hp, and now have 194/234 hp.
MP restored: 45 You start resting.
You are no longer corroded.
You regained 5 hp, and now have 199/234 hp.
You start resting.
HP restored.
Health restored: 234 What are your orders? t - Shout!
Orders for allies: a - Attack new target. r - Retreat! s - Stop attacking. g - Guard the area. f - Follow me.
Anything else - Cancel.
You shout for attention!
You start waiting.
Done waiting.
A Killer Klown comes into view. It is wielding a +10 club of freezing.
Casting: Maxwell's Capacitive Coupling (mildly dangerous; 1% risk of failure)
Confirm with . or Enter, or press ? or * to list all spells.
Aiming: Poisonous Vapours (safe; 0% risk of failure)
Press: ? - help, Dir - move target, f - Killer Klown
Aim: a Killer Klown, wielding a +10 club of freezing (wandering, hasn't noticed you) Poisonous vapours surround the Killer Klown!
The Killer Klown looks as sick as possible!
The Killer Klown shouts!
You hear a roar!
An Orb Guardian comes into view.
The Killer Klown pies you viciously! The klown pie hits you!!!
Blueberry!
An unnatural silence engulfs you. The Killer Klown pies you viciously!
The klown pie hits you.
Plum!
You feel light-headed.
You take 37 damage, and have 197/234 hp.
You now have 44/45 mp.
MP restored: 45 An ancient lich comes into view.
The ancient lich moves out of view.
Your hearing returns.
The ancient lich touches you but does no damage.
Casting: Poisonous Vapours (safe; 1% risk of failure)
Confirm with . or Enter, or press ? or * to list all spells.
You begin accumulating electric charge. (Press . to continue charging.)
You feel charge building up...
The ancient lich casts a spell.
The ancient lich seems to speed up.
You now have 38/45 mp.
You feel charge building up...
The ancient lich touches you but does no damage.
The Killer Klown blinks!
You feel charge building up... The ancient lich touches you!
You partially resist.
You feel drained.
The Killer Klown blinks!
The ancient lich touches you. You partially resist.
You feel drained.
The Killer Klown says, "Come and play with me!"
You take 9 damage, and have 193/230 hp.
You feel charge building up...
The ancient lich touches you but does no damage.
The electricity discharges through the ancient lich!!!!
The ancient lich vaporises in an electric haze!
You destroy the ancient lich!
Sif Muna accepts your kill.
You hear a roar! x2; You hear a deafening roar!
The Killer Klown pulls ten torches off its hat and starts juggling.
Your life force feels restored.
Casting: Maxwell's Capacitive Coupling (dangerous; 5% risk of failure)
Confirm with . or Enter, or press ? or * to list all spells.
Aiming: Poisonous Vapours (safe; 1% risk of failure)
Press: ? - help, Dir - move target, f/p - Killer Klown
Aim: a Killer Klown, wielding a +10 club of freezing (lightly wounded, very poisoned) Poisonous vapours surround the Killer Klown!
The Killer Klown looks as sick as possible!
The Killer Klown beckons to you.
You now have 39/45 mp.
Casting: Poisonous Vapours (safe; 1% risk of failure)
Confirm with . or Enter, or press ? or * to list all spells.
You ignite the poison in your surroundings!
The Killer Klown seems to burn from within!!!
The Killer Klown is severely wounded.
The Killer Klown defenestrates you but does no damage.
You now have 37/45 mp.
Casting: Ignite Poison (safe; 1% risk of failure)
Confirm with . or Enter, or press ? or * to list all spells.
Aiming: Poisonous Vapours (safe; 1% risk of failure)
Press: ? - help, Dir - move target, f/p - Killer Klown
Aim: a Killer Klown, wielding a +10 club of freezing (heavily wounded) Poisonous vapours surround the Killer Klown!
The Killer Klown is poisoned.
The Killer Klown pokes out its tongue.
The Killer Klown pies you viciously! The klown pie hits you!!
Cherry!
Cherry-coloured flames burn away your fire resistance!
The Killer Klown hits you with a +10 club of freezing!!
You take 48 damage, and have 148/234 hp.
MASSIVE DAMAGE!!
You now have 35/45 mp.
Casting: Poisonous Vapours (safe; 1% risk of failure)
Confirm with . or Enter, or press ? or * to list all spells.
Aiming: Poisonous Vapours (safe; 1% risk of failure)
Press: ? - help, Dir - move target, f/p - Killer Klown
Aim: a Killer Klown, wielding a +10 club of freezing (severely wounded, very poisoned) Poisonous vapours surround the Killer Klown!
The Killer Klown looks as sick as possible!
The Killer Klown smiles at you. You block the Killer Klown's attack.
You now have 34/45 mp.
Casting: Poisonous Vapours (safe; 1% risk of failure)
Confirm with . or Enter, or press ? or * to list all spells.
You ignite the poison in your surroundings!
The Killer Klown seems to burn from within!!!
You kill the Killer Klown!
Sif Muna accepts your kill.
Your Fighting skill increases to level 19!
You regained 2 hp, and now have 151/236 hp.
You now have 32/45 mp.
The world stops spinning.
You see here a +0 flail.
You regained 2 hp, and now have 155/236 hp.
You regained 2 mp, and now have 37/45 mp.
You start resting.
Magic restored.
You regained 7 hp, and now have 162/236 hp.
MP restored: 45 You start resting.
You feel less vulnerable to fire.
You regained 2 hp, and now have 164/236 hp.
You start resting.
Unknown command.
You regained 5 hp, and now have 169/236 hp.
You start resting.
HP restored.
Health restored: 236 A green draconian comes into view.
It is wielding a +0 trident.
The green draconian moves out of view.
A green draconian comes into view. It is wielding a +0 flail.
Casting: Ignite Poison (safe; 1% risk of failure)
Confirm with . or Enter, or press ? or * to list all spells.
You begin accumulating electric charge. (Press . to continue charging.)
The green draconian roars! x2
You feel charge building up...
You hear a roar!
The green draconian breathes poison at you.
The blast of poison engulfs you but does no damage.
You are poisoned.
You resist.
You now have 38/45 mp.
You feel charge building up...
You feel very sick.
You take 3 damage, and have 233/236 hp.
You feel charge building up...
You feel sick.
You take 2 damage, and have 231/236 hp.
You feel charge building up...
You feel sick.
The green draconian breathes poison at you.
The blast of poison misses you.
The green draconian fails to trigger a net trap.
You take 1 damage, and have 230/236 hp.
You feel charge building up...
You feel sick.
The green draconian breathes poison at you.
The blast of poison misses you.
You take 1 damage, and have 229/236 hp.
The electricity discharges through the green draconian!!!!
The green draconian vaporises in an electric haze!
You kill the green draconian!
Sif Muna accepts your kill.
You hear a shout!
Casting: Maxwell's Capacitive Coupling (mildly dangerous; 1% risk of failure)
Confirm with . or Enter, or press ? or * to list all spells.
You begin accumulating electric charge. (Press . to continue charging.)
You feel charge building up...
You feel sick.
You now have 33/45 mp.
You feel charge building up...
You feel sick.
The green draconian hits you but does no damage.
The green draconian closely misses you.
You feel charge building up...
You feel sick.
The green draconian hits you but does no damage.
The green draconian closely misses you.
You take 1 damage, and have 228/236 hp.
You feel charge building up...
You feel sick. The green draconian barely misses you.
The green draconian closely misses you.
You feel charge building up...
You feel sick.
You are no longer poisoned.
The green draconian breathes poison at you.
The blast of poison misses you.
You take 1 damage, and have 227/236 hp.
The electricity discharges through the green draconian!!!!
The green draconian vaporises in an electric haze!
You kill the green draconian!
Sif Muna accepts your kill.
You hear a shout!
You hear a deafening roar!
You start resting.
Magic restored.
You regained 8 hp, and now have 235/236 hp.
MP restored: 45 You start resting.
HP restored.
Health restored: 236 You start waiting.
A green draconian monk comes into view.
Casting: Maxwell's Capacitive Coupling (mildly dangerous; 1% risk of failure)
Confirm with . or Enter, or press ? or * to list all spells.
You begin accumulating electric charge. (Press . to continue charging.)
The green draconian monk roars!
You feel charge building up...
A moth of wrath comes into view.
You now have 38/45 mp.
You feel charge building up...
You feel charge building up...
The moth of wrath's fur bristles in rage as it notices you.
You feel charge building up...
The electricity discharges through the green draconian monk!!!!
The green draconian monk vaporises in an electric haze!
You kill the green draconian monk!
Sif Muna accepts your kill.
You hear a deafening roar!
Casting: Maxwell's Capacitive Coupling (mildly dangerous; 1% risk of failure)
Confirm with . or Enter, or press ? or * to list all spells.
Aiming: Poisonous Vapours (safe; 0% risk of failure)
Press: ? - help, Dir - move target, f - moth of wrath
Aim: a moth of wrath Poisonous vapours surround the moth of wrath!
The moth of wrath is poisoned.
You now have 39/45 mp.
Casting: Poisonous Vapours (safe; 0% risk of failure)
Confirm with . or Enter, or press ? or * to list all spells.
You ignite the poison in your surroundings!
The moth of wrath seems to burn from within!!!
The moth of wrath is almost dead.
The moth of wrath barely misses you.
You now have 37/45 mp.
Casting: Ignite Poison (safe; 1% risk of failure)
Confirm with . or Enter, or press ? or * to list all spells.
Aiming: Poisonous Vapours (safe; 0% risk of failure)
Press: ? - help, Dir - move target, f/p - moth of wrath
Aim: a moth of wrath (almost dead) Poisonous vapours surround the moth of wrath!
The moth of wrath is poisoned.
You kill the moth of wrath!
Sif Muna accepts your kill.
You now have 35/45 mp.
Casting: Poisonous Vapours (safe; 0% risk of failure)
Confirm with . or Enter, or press ? or * to list all spells.
You can't see any susceptible monsters within range! (Use Z to cast anyway.)
You start resting.
Magic restored.
MP restored: 45 You start waiting.
Done waiting.
What are your orders? t - Shout!
Orders for allies: a - Attack new target. r - Retreat! s - Stop attacking. g - Guard the area. f - Follow me.
Anything else - Cancel.
You shout for attention!
You start waiting.
A moth of wrath comes into view.
Casting: Poisonous Vapours (safe; 0% risk of failure)
Confirm with . or Enter, or press ? or * to list all spells.
Aiming: Poisonous Vapours (safe; 0% risk of failure)
Press: ? - help, Dir - move target, f - moth of wrath
Aim: a moth of wrath (wandering, hasn't noticed you) Poisonous vapours surround the moth of wrath!
The moth of wrath is poisoned.
The moth of wrath's fur bristles in rage as it notices you.
You now have 44/45 mp.
Casting: Poisonous Vapours (safe; 0% risk of failure)
Confirm with . or Enter, or press ? or * to list all spells.
Aiming: Poisonous Vapours (safe; 0% risk of failure)
Press: ? - help, Dir - move target, f/p - moth of wrath
Aim: a moth of wrath (lightly wounded, very poisoned) Poisonous vapours surround the moth of wrath!
The moth of wrath looks as sick as possible!
You now have 42/45 mp.
Casting: Poisonous Vapours (safe; 0% risk of failure)
Confirm with . or Enter, or press ? or * to list all spells.
You ignite the poison in your surroundings!
The moth of wrath seems to burn from within!!!!
You kill the moth of wrath!
Sif Muna accepts your kill.
You now have 40/45 mp.
You start resting.
Magic restored.
MP restored: 45 You start waiting.
Done waiting.
You see here a +0 cloak.
What are your orders? t - Shout!
Orders for allies: a - Attack new target. r - Retreat! s - Stop attacking. g - Guard the area. f - Follow me.
Anything else - Cancel.
You shout for attention!
You start waiting.
Done waiting.
You start waiting.
What are your orders? t - Shout!
Orders for allies: a - Attack new target. r - Retreat! s - Stop attacking. g - Guard the area. f - Follow me.
Anything else - Cancel.
You shout for attention!
You start waiting.
Done waiting.
What are your orders? t - Shout!
Orders for allies: a - Attack new target. r - Retreat! s - Stop attacking. g - Guard the area. f - Follow me.
Anything else - Cancel.
You shout for attention!
You start waiting.
Done waiting.
You start waiting.
A golden dragon comes into view.
Casting: Ignite Poison (safe; 1% risk of failure)
Confirm with . or Enter, or press ? or * to list all spells.
You begin accumulating electric charge. (Press . to continue charging.)
The golden dragon roars deafeningly!
You feel charge building up...
You now have 38/45 mp.
You feel charge building up...
You feel charge building up...
The golden dragon breathes poison at you.
The blast of poison engulfs you but does no damage.
You are poisoned.
You resist.
The electricity discharges through the golden dragon!!!!
The golden dragon vaporises in an electric haze!
You kill the golden dragon!
Sif Muna accepts your kill.
You feel sick.
You take 2 damage, and have 234/236 hp.
You start resting.
You feel very sick.
You feel sick. x6
Magic restored.
You feel sick.
You take 8 damage, and have 226/236 hp.
MP restored: 45 You start resting.
You feel sick. x2
You are no longer poisoned.
You take 1 damage, and have 225/236 hp.
You start resting.
HP restored.
Health restored: 236 You see here a +10 club of pain.
What are your orders? t - Shout!
Orders for allies: a - Attack new target. r - Retreat! s - Stop attacking. g - Guard the area. f - Follow me.
Anything else - Cancel.
You shout for attention!
You start waiting.
You start waiting.
Done waiting.
What are your orders? t - Shout!
Orders for allies: a - Attack new target. r - Retreat! s - Stop attacking. g - Guard the area. f - Follow me.
Anything else - Cancel.
You shout for attention!
You start waiting.
Done waiting.
What are your orders? t - Shout!
Orders for allies: a - Attack new target. r - Retreat! s - Stop attacking. g - Guard the area. f - Follow me.
Anything else - Cancel.
You shout for attention!
You start waiting.
Done waiting.
What are your orders? t - Shout!
Orders for allies: a - Attack new target. r - Retreat! s - Stop attacking. g - Guard the area. f - Follow me.
Anything else - Cancel.
You shout for attention!
You start waiting.
An Orb Guardian is nearby!
What are your orders? t - Shout!
Orders for allies: a - Attack new target. r - Retreat! s - Stop attacking. g - Guard the area. f - Follow me.
Anything else - Cancel.
You shout for attention!
You start waiting.
An electric golem comes into view.
Casting: Maxwell's Capacitive Coupling (mildly dangerous; 1% risk of failure)
Confirm with . or Enter, or press ? or * to list all spells.
You begin accumulating electric charge. (Press . to continue charging.)
You feel charge building up...
The electric golem hurls lightning at you.
The bolt of lightning misses you.
You now have 37/45 mp.
You feel charge building up...
The electric golem hurls lightning at you.
The bolt of lightning hits you. You resist.
You take 6 damage, and have 230/236 hp.
You feel charge building up...
The electric golem blinks!
You feel charge building up...
The electric golem fails to trigger a net trap.
The electric golem blinks!
The electricity discharges through the electric golem!!!!
The electric golem vaporises in an electric haze!
You destroy the electric golem!
Sif Muna accepts your kill.
You start resting.
HP restored.
Health restored: 236; MP restored: 45 You start waiting.
Done waiting.
Casting: Maxwell's Capacitive Coupling (mildly dangerous; 1% risk of failure)
Confirm with . or Enter, or press ? or * to list all spells.
You begin accumulating electric charge. (Press . to continue charging.)
You feel charge building up...
You now have 38/45 mp.
You feel charge building up...
You feel charge building up...
You feel charge building up...
Your charge dissipates without a target.
You start resting.
Magic restored.
MP restored: 45 What are your orders? t - Shout!
Orders for allies: a - Attack new target. r - Retreat! s - Stop attacking. g - Guard the area. f - Follow me.
Anything else - Cancel.
You shout for attention!
You start waiting.
An ancient lich comes into view.
The ancient lich shouts!
You hear a loud "Zot"!
The ancient lich gestures at you while chanting.
You resist with almost no effort.
Casting: Maxwell's Capacitive Coupling (mildly dangerous; 1% risk of failure)
Confirm with . or Enter, or press ? or * to list all spells.
You begin accumulating electric charge. (Press . to continue charging.)
You feel charge building up...
You now have 37/45 mp.
You feel charge building up...
The ancient lich casts a spell.
The ancient lich flickers and vanishes for a moment.
You feel charge building up... The ancient lich casts a spell at you.
You resist with almost no effort.
You feel charge building up...
The electricity discharges through the ancient lich!!!!
The ancient lich vaporises in an electric haze!
You destroy the ancient lich!
Sif Muna accepts your kill.
Health restored: 237 You start resting.
Magic restored.
MP restored: 45 You start waiting.
What are your orders? t - Shout!
Orders for allies: a - Attack new target. r - Retreat! s - Stop attacking. g - Guard the area. f - Follow me.
Anything else - Cancel.
You shout for attention!
You start waiting.
Done waiting.
What are your orders? t - Shout!
Orders for allies: a - Attack new target. r - Retreat! s - Stop attacking. g - Guard the area. f - Follow me.
Anything else - Cancel.
You shout for attention!
You start waiting.
Done waiting.
What are your orders? t - Shout!
Orders for allies: a - Attack new target. r - Retreat! s - Stop attacking. g - Guard the area. f - Follow me.
Anything else - Cancel.
You shout for attention!
You start waiting.
Done waiting.
You see here +0 storm dragon scales.
You see here a +9 club of freezing.
Okay, then.
Unknown command.
Okay, then.
Unknown command.
Aiming: Dig
Press: ? - help, Shift-Dir - straight line You can't see that place.
The rock shatters into small pieces.
Okay, then.
Aiming: Dig
Press: ? - help, Shift-Dir - straight line You can't see that place.
The rock shatters into small pieces.
Okay, then.
Unknown command.
Aiming: Dig
Press: ? - help, Shift-Dir - straight line You can't see that place. [the floor.]
Okay, then.
Aiming: Dig
Press: ? - help, Shift-Dir - straight line You can't see that place. [the floor.]
Okay, then.
Okay, then.
Really fly into that net trap?
You become entangled in the net!
A tentacled monstrosity comes into view.
There is a net trap here.
You see here a throwing net.
You struggle against the net.
Casting: Maxwell's Capacitive Coupling (mildly dangerous; 1% risk of failure)
Confirm with . or Enter, or press ? or * to list all spells.
You begin accumulating electric charge. (Press . to continue charging.)
You feel charge building up...
You now have 37/45 mp.
You feel charge building up...
The tentacled monstrosity pulls the alarm!
The alarm trap emits a blaring wail!
A sentinel's mark forms upon you.
You feel charge building up...
The tentacled monstrosity tentacle-slaps you but does no damage. x2
The tentacled monstrosity tentacle-slaps you.
The tentacled monstrosity grabs you.
The tentacled monstrosity constricts you.
You take 6 damage, and have 231/237 hp.
You feel charge building up...
An Orb Guardian comes into view.
The tentacled monstrosity tentacle-slaps you but does no damage. x3
The tentacled monstrosity constricts you.
You take 1 damage, and have 230/237 hp.
The electricity discharges through the tentacled monstrosity!!!!
The tentacled monstrosity vaporises in an electric haze!
The tentacled monstrosity loses its grip on you.
You kill the tentacled monstrosity!
Sif Muna accepts your kill.
You struggle against the net.
An Orb Guardian comes into view.
You shred the net and break free!
You see here +0 storm dragon scales.
The Orb Guardian drops a net on you.
You become entangled in the net!
You see here a throwing net.
You struggle against the net.
You struggle against the net.
The Orb Guardian hits you!!
The Orb Guardian hits you but does no damage.
You take 29 damage, and have 204/237 hp.
You struggle against the net.
The Orb Guardian hits you but does no damage.
An Orb Guardian comes into view.
MP restored: 45 You shred the net and break free!
The Orb Guardian hits you but does no damage.
The Orb Guardian misses you.
Casting: Maxwell's Capacitive Coupling (mildly dangerous; 1% risk of failure)
Confirm with . or Enter, or press ? or * to list all spells.
You turn into a lightning-filled tempest!
The staff of earth "Pyfiekec" {Will+ Dex+3} melds into your body.
The scarf of Iplif {rC+ rF+, rPois} melds into your body.
Your +2 hat of stealth melds into your body.
Your +2 pair of gloves melds into your body.
Your +2 pair of boots melds into your body.
The +1 buckler "Moapiacoejy" {Str+3 Dex+4 SInv} melds into your body.
You feel hot and cold all over.
You feel less stealthy. The Orb Guardian hits you. The Orb Guardian hits you!
The Orb Guardian drops a net on you.
You avoid being caught in a net.
The Orb Guardian hits you but does no damage.
The Orb Guardian hits you!!
You take 54 damage, and have 151/237 hp.
MASSIVE DAMAGE!!
You now have 39/45 mp.
Casting: Storm Form (mildly dangerous; 1% risk of failure)
Confirm with . or Enter, or press ? or * to list all spells.
You miscast Irradiate.
You are very lightly contaminated with residual magic.
Nothing appears to happen.
The Orb Guardian hits you but does no damage.
The Orb Guardian hits you.
You feel you are being watched by something.
You feel your power leaking away.
You take 2 damage, and have 149/237 hp.
You now have 30/45 mp.
As you read the scroll of butterflies, it crumbles to dust.
You hear the flapping of tiny wings.
The Orb Guardian is knocked back by the sudden gust. x3
The Orb Guardian hits you! The Orb Guardian misses your butterfly.
Something hits your butterfly!
Your butterfly dies!
Your butterfly disappears in a burst of colours!
The Orb Guardian completely misses your butterfly.
You take 13 damage, and have 136/237 hp.
You swap places.
The Orb Guardian misses your butterfly.
Something closely misses your butterfly.
Something barely misses your butterfly.
Something completely misses your butterfly.
You swap places.
The Orb Guardian misses your butterfly.
The Orb Guardian completely misses your butterfly.
You feel you are being watched by something.
You feel your power leaking away. Something hits your butterfly.
Your butterfly dies!
Your butterfly disappears in a burst of colours!
The Orb Guardian hits your butterfly.
Your butterfly dies!
Your butterfly disappears in a burst of colours!
The Orb Guardian hits your butterfly!!
Your butterfly dies!
Your butterfly disappears in a burst of colours!
You now have 18/45 mp.
You swap places.
An Orb Guardian comes into view.
The Orb Guardian drops a net on you.
You become entangled in the net!
An Orb Guardian comes into view.
You see here a throwing net.
You struggle against the net.
You feel you are being watched by something.
You feel your power leaking away. The Orb Guardian hits your butterfly!!!
Your butterfly dies!
Your butterfly disappears in a burst of colours!
An Orb Guardian comes into view.
The Orb Guardian hits your butterfly!!
Your butterfly dies!
Your butterfly disappears in a burst of colours!
You now have 12/45 mp.
You struggle against the net.
An Orb Guardian comes into view.
The Orb Guardian hits your butterfly!!
Your butterfly dies!
Your butterfly disappears in a burst of colours!
You struggle against the net.
An Orb Guardian comes into view.
The Orb Guardian hits your butterfly!!!
Your butterfly dies!
Your butterfly disappears in a burst of colours!
Your magical contamination has completely faded away.
You tear a large gash into the net.
The Orb Guardian hits you but does no damage.
The Orb Guardian barely misses you. The Orb Guardian hits you!! x3
* * * LOW HITPOINT WARNING * * *
You feel yourself slow down.
You take 71 damage, and have 69/237 hp.
MASSIVE DAMAGE!!
You rip the net and break free!
The Orb Guardian hits you!
* * * LOW HITPOINT WARNING * * *
The Orb Guardian hits you!
* * * LOW HITPOINT WARNING * * *
The Orb Guardian fails to trigger a net trap.
The Orb Guardian hits you!!
* * * LOW HITPOINT WARNING * * *
The Orb Guardian misses you.
The Orb Guardian fails to trigger a net trap.
An Orb Guardian comes into view.
The Orb Guardian hits you!!
You die...

#...................... *********
▓▓▓########.########▓▓▓
,,,,,,,,** #........)^.....#
,,,,,,^,,** ##.....).......## *
,,,,,,,,,,** #....b.[......# **
,,,,,,,,,,,* ##..bbb......## *,
,,,,,,,,,,,* #b.....b..).# *,
,,,.,,,,,,,* ##b..bb......## *,
,^,..,,,,,,* #XvX.)b.......# *,
,,,.^.,,,,,* ##XXX..........## *,
,,,....,,,,*##.X.............##*,
,^,.....,,###XX.###########...###
,,,......##[...## ##....#
,,,.......X..### ###..^
***▓▓▓▓▓▓▓▓▓▓# #▓▓▓ ,,,,,,,,,****
*** ,,,,,,,,,,,,*** ***,,


You could see 9 Orb Guardians.

Vanquished Creatures
  the Royal Jelly (Slime:5)
  4 dread liches
  4 orbs of fire (Zot:5)
  6 ancient liches
  3 juggernauts
  5 Killer Klowns
  Frederick (Vaults:2)
  Saint Roka (Depths:3)
  Margery (Vaults:4)
  A curse toe (Zot:3)
  6 golden dragons
  A bone dragon (Crypt:3)
  The ghost of Smee the Bludgeoner, an adept MiFi of Okawaru (Snake:1)
  3 electric golems
  2 doom hounds (Depths:3)
  Mlioglotl (Snake:2)
  4 liches
  17 tentacled monstrosities
  2 deep elf blademasters (Elf:3)
  Grunn (Depths:3)
  A walking divine tome (Depths:3)
  4 deep elf master archers (Elf:3)
  7 Orb Guardians (Zot:5)
  11 quicksilver dragons
  3 titans (Vaults:3)
  3 sphinxes
  17 acid blobs
  Gastronok (Lair:2)
  10 death cobs
  5 thorn hunters (Swamp:4)
  6 shadow dragons
  Agnes (D:14)
  16 storm dragons
  11 ancient champions
  6 draconian monks
  3 tengu reavers
  2 fenstrider witches
  15 rockslimes
  4 draconian knights
  5 fire giants
  7 nagarajas
  3 revenants
  9 azure jellies
  5 frost giants
  Louise (Elf:3)
  2 draconian scorchers (Zot:1)
  2 ghost moths
  3 draconian shifters
  An iron dragon (Depths:4)
  10 vault wardens
  4 deep elf sorcerers
  4 spectral caustic shrikes (Depths:2)
  2 orc warlords (Vaults:3)
  9 ghouls
  6 deep elf elementalists
  3 draconian stormcallers
  A caustic shrike skeleton (Crypt:3)
  A hydra skeleton (Swamp:4)
  3 curse skulls
  2 war gargoyles (Vaults:3)
  A reaper (Crypt:3)
  10 stone giants
  18 very ugly things
  10 quicksilver oozes
  8 draconian annihilators
  2 juggernaut skeletons
  10 ironbound preservers
  A spriggan defender (Depths:3)
  8 vampire knights
  6 ironbound thunderhulks
  3 eleionomae
  12 black draconians
  A lorocyproca (Depths:1)
  8 purple draconians
  10 yellow draconians
  6 deep elf demonologists
  14 green draconians
  A dire elephant (Vaults:4)
  6 deep elf annihilators
  9 red draconians
  2 bunyips (Swamp:1)
  2 spark wasps
  11 white draconians
  5 eidola
  9 ettins
  A merfolk javelineer (Depths:2)
  7 fire dragons
  8 deep elf death magi
  6 yaktaur captains
  The ghost of porkupine the Arsonist, a journeyman NaFE of Wu Jian (D:10)
  5 mummy priests (Depths:3)
  2 entropy weavers
  6 great orbs of eyes
  5 deep elf high priests (Elf:3)
  2 ragged hierophants (Vaults:3)
  A servant of whispers (Desolation)
  18 hydras
  A peacekeeper (Vaults:3)
  2 salamander tyrants (Snake:4)
  2 spriggan zombies (Crypt:3)
  A shambling mangrove (Swamp:4)
  A catoblepas (shapeshifter) (Depths:4)
  3 rakshasas
  7 ironbound frosthearts
  10 vault guards
  7 ice dragons
  5 spriggan air magi
  17 jiangshi
  A catoblepas (Lair:5)
  A ghost crab (Swamp:2)
  A quicksilver dragon skeleton (Crypt:2)
  7 ogre magi
  4 centaur warriors
  10 naga warriors
  6 alligators
  7 anacondas
  A satyr (shapeshifter) (D:10)
  2 boulder beetles
  24 two-headed ogres
  3 death knights (Crypt:3)
  18 dancing weapons
  6 deep troll shamans
  4 tengu warriors
  13 naga sharpshooters
  3 deep troll earth magi (Depths:2)
  4 death yaks (Lair:1)
  7 spriggan berserkers
  12 vampire magi
  A bennu skeleton (Crypt:2)
  Sonja (D:11)
  6 shock serpents
  13 deep elf knights
  2 soul eaters
  A skyshark (Lair:5)
  7 iron trolls
  3 hell knights
  A bunyip zombie (Crypt:3)
  6 salamander mystics
  8 shadow wraiths
  A sixfirhy (Depths:1)
  An iron giant zombie (Crypt:3)
  5 spriggan druids
  A glowing orange brain (shapeshifter) (Elf:1)
  29 deep trolls
  6 goliath frogs
  Lodul (D:14)
  A sea snake (Snake:3)
  30 skeletal warriors
  4 naga ritualists
  142 slime creatures
  3 spectral hydras (Swamp:4)
  20 deep elf archers
  7 lindwurms
  9 phantasmal warriors
  9 swamp dragons
  9 bog bodies
  5 flayed ghosts
  4 glowing orange brains
  A shadow dragon zombie (Crypt:3)
  12 necromancers
  6 ironbound convokers
  10 wizards
  5 mana vipers
  3 orc knights
  A jorogumo zombie (Crypt:1)
  25 deep elf pyromancers
  A shadow dragon skeleton (D:15)
  27 deep elf zephyrmancers
  A frost giant zombie (Vaults:3)
  A wolf spider (shapeshifter) (Vaults:3)
  4 manticores
  62 ugly things
  28 moths of wrath
  14 salamanders
  2 orc sorcerers
  An iron dragon skeleton (Crypt:3)
  5 cyclopes
  5 shining eyes
  7 will-o-the-wisps
  4 oklob plants
  A frost giant skeleton (D:15)
  2 guardian serpents (shapeshifter)
  2 rust devils
  13 elephants
  40 black mambas
  3 torpor snails
  3 eyes of devastation
  3 guardian serpents
  12 vault sentinels
  A stone giant skeleton (Vaults:1)
  A centaur zombie (Crypt:3)
  2 smoke demons (Depths:1)
  26 naga magi
  2 elf zombies
  24 cane toads
  A rime drake (shapeshifter) (Vaults:3)
  An unseen horror (shapeshifter) (Elf:3)
  An unseen horror (D:11)
  A hellion (Depths:2)
  9 komodo dragons
  7 freezing wraiths
  18 yaktaurs
  5 kobold demonologists
  5 rime drakes
  5 guardian mummies (Depths:3)
  An ice devil (Depths:2)
  4 tengu conjurers
  A red devil (Depths:2)
  A harpy zombie (Crypt:2)
  A komodo dragon (shapeshifter) (Vaults:3)
  4 hydra zombies (Swamp:4)
  An efreet (D:15)
  A pale draconian skeleton (Crypt:3)
  A yellow draconian skeleton (Crypt:1)
  9 trolls
  A yaktaur skeleton (Vaults:3)
  2 death drake zombies (Swamp:4)
  3 polar bears
  A harpy skeleton (Crypt:3)
  2 hellwings (Depths:2)
  A green draconian skeleton (Crypt:3)
  A merfolk (shapeshifter) (Vaults:2)
  9 tyrant leeches
  31 blink frogs
  9 hornets
  An ettin zombie (Crypt:2)
  8 saltlings
  A tarantella zombie (Crypt:1)
  A fire dragon zombie (Crypt:1)
  A death drake skeleton (Swamp:4)
  7 dream sheep (Lair:5)
  4 vampires
  3 flying skulls (Crypt:1)
  7 wraiths
  3 air elementals
  6 fire elementals
  Sigmund (D:3)
  A ynoxinul (Depths:2)
  A guardian serpent skeleton (Crypt:3)
  11 spriggans
  2 shadows
  A wind drake zombie (Crypt:2)
  A human (shapeshifter) (D:15)
  37 yaks
  6 wyverns
  A basilisk (shapeshifter) (Elf:3)
  5 basilisks
  14 water elementals
  A black mamba skeleton (Crypt:2)
  10 golden eyes
  13 vampire mosquitoes
  A dire elephant simulacrum (Crypt:2)
  A redback (Vaults:2)
  A neqoxec (Depths:2)
  2 steam dragons
  12 swamp worms
  65 nagas
  3 wargs
  A naga zombie (Crypt:3)
  2 glowing shapeshifter zombies
  2 human skeletons
  An ogre skeleton (Vaults:1)
  3 hydra simulacra (Swamp:4)
  7 water moccasins
  12 swamp drakes
  A floating eye (Slime:5)
  24 orc warriors
  2 sky beasts
  2 swamp dragon zombies (Swamp:4)
  A glowing shapeshifter skeleton (Crypt:1)
  5 ice beasts (D:11)
  2 black bears
  A black mamba simulacrum (Crypt:3)
  19 wolves
  39 ogres
  A swamp dragon skeleton (Crypt:3)
  23 centaurs
  2 phantoms (D:5)
  5 kobold brigands
  24 bullfrogs
  2 gnoll sergeants (D:10)
  A vine stalker zombie (Crypt:2)
  4 necrophages (Crypt:3)
  An earth elemental (Elf:2)
  3 scorpions
  A warg zombie (Crypt:2)
  9 killer bees (D:8)
  2 electric eels
  5 howler monkeys
  3 lava snakes (Lair:3)
  3 hounds
  A human simulacrum (Vaults:3)
  17 orc priests
  A hound (shapeshifter) (D:14)
  3 gnoll boudas
  A sleepcap (D:7)
  2 bullfrog skeletons
  Terence (D:2)
  3 iguanas
  18 orc wizards
  2 ogre zombies (D:6)
  A naga skeleton (Crypt:3)
  A howler monkey skeleton (Crypt:1)
  12 gnolls
  An orc zombie (D:6)
  A steam dragon zombie (Crypt:2)
  16 adders
  A shadow imp (D:6)
  3 white imps
  An ufetubus (D:7)
  3 worms
  4 dart slugs
  82 orcs
  8 bats
  13 endoplasms
  6 giant cockroaches
  8 hobgoblins
  3 jackals (D:2)
  8 quokkas
  19 ball pythons
  12 frilled lizards
  15 goblins
  23 kobolds
  4 rats
  5 briar patches (Swamp:4)
2276 creatures vanquished.

Vanquished Creatures (collateral kills)
  Mennas (Vaults:4)
  A kobold (D:8)
2 creatures vanquished.

Vanquished Creatures (others)
  A vampire knight (Depths:4)
  A bloated husk (Swamp:4)
  A golden eye (shapeshifter) (Elf:1)
  A kobold (D:8)
  2 bushes
  16 foxfires
  58 fungi
  180 plants
  9 withered plants (D:15)
269 creatures vanquished.

Grand Total: 2547 creatures vanquished

Notes
Turn   | Place    | Note
-------+----------+-------------------------------------------
     0 | D:1      | steven32 the Draconian Earth Elementalist began the quest
                  | for the Orb.
     0 | D:1      | Reached XP level 1. HP: 14/14 MP: 3/3
   374 | D:1      | Reached XP level 2. HP: 20/20 MP: 1/5
  1199 | D:2      | Reached XP level 3. HP: 22/26 MP: 4/7
  1359 | D:2      | Learned a level 2 spell: Passwall
  1363 | D:2      | Learned a level 3 spell: Mephitic Cloud
  1393 | D:2      | Noticed Terence
  2421 | D:2      | Reached XP level 4. HP: 33/33 MP: 8/8
  2743 | D:3      | Reached skill level 1 in Conjurations
  2796 | D:3      | Found a broken altar of Ashenzari.
  2872 | D:3      | HP: 1/30 [constriction (1)]
  3150 | D:3      | Reached XP level 5. HP: 38/38 MP: 10/10
  3295 | D:2      | Killed Terence
  3937 | D:3      | Noticed Sigmund
  4088 | D:4      | Reached XP level 6. HP: 45/45 MP: 11/11
  4600 | D:4      | Noticed a yak
  4653 | D:4      | Found a blossoming altar of Fedhas.
  4669 | D:4      | Noticed an oklob plant
  4776 | D:5      | Entered Level 5 of the Dungeon
  5169 | D:5      | Learned a level 3 spell: Stone Arrow
  5180 | D:5      | Your scales start taking on a glossy black colour.
  5180 | D:5      | Reached XP level 7. HP: 42/50 MP: 13/13
  5180 | D:5      | Gained mutation: You are resistant to electric shocks.
                  | (rElec) [Black Draconian growth]
  5352 | D:5      | Reached skill level 2 in Air Magic
  5537 | D:5      | Learned a level 2 spell: Poisonous Vapours
  5560 | D:5      | Reached skill level 3 in Air Magic
  5595 | D:5      | Reached skill level 4 in Air Magic
  5817 | D:4      | Reached skill level 1 in Poison Magic
  6853 | D:6      | Reached XP level 8. HP: 57/57 MP: 12/14
  6965 | D:6      | Found a glowing drain.
  7048 | Sewer    | Entered a sewer
  7324 | Sewer    | Reached skill level 5 in Conjurations
  7401 | Sewer    | Identified the +3 hand axe of the Endless Expanse {spect,
                  | rElec}
  7405 | Sewer    | Reached skill level 5 in Spellcasting
  7963 | D:6      | Found a transporter.
  8441 | D:6      | Found a transporter.
  8622 | D:7      | Found a staircase to the Ecumenical Temple.
  8637 | Temple   | Entered the Ecumenical Temple
  8800 | Temple   | Became a worshipper of Sif Muna the Loreminder
  9188 | D:7      | Found Yliyr's Specific Store.
  9192 | D:7      | Found Voresi's General Store.
  9197 | D:7      | Bought a scroll of vulnerability for 48 gold pieces
  9197 | D:7      | Bought a scroll of identify for 24 gold pieces
  9205 | D:7      | Bought a potion of degeneration for 12 gold pieces
  9315 | D:7      | Reached XP level 9. HP: 61/62 MP: 18/18
  9626 | D:8      | Learned a level 3 spell: Hailstorm
  9639 | D:8      | Found a bloodstained altar of Trog.
 10072 | D:8      | Reached * piety under Sif Muna
 10150 | D:8      | Reached skill level 1 in Ice Magic
 10244 | D:8      | Noticed a two-headed ogre
 10318 | D:8      | Killed a two-headed ogre
 10410 | D:8      | Reached skill level 5 in Ice Magic
 10654 | D:8      | Reached skill level 1 in Fighting
 11315 | D:8      | Reached XP level 10. HP: 78/78 MP: 16/19
 11747 | D:9      | Reached skill level 5 in Fighting
 11793 | D:9      | Found a shadowy altar of Dithmenos.
 11962 | D:9      | Learned a level 5 spell: Freezing Cloud
 12061 | D:9      | Found a hazy altar of Hepliaklqana.
 12253 | D:9      | Found a flagged portal.
 12264 | Bailey   | Entered a bailey
 12281 | Bailey   | Reached ** piety under Sif Muna
 13681 | Bailey   | Reached skill level 5 in Air Magic
 13919 | Bailey   | Reached skill level 6 in Air Magic
 14872 | D:9      | Reached skill level 7 in Air Magic
 15031 | D:10     | Entered Level 10 of the Dungeon
 15031 | D:10     | Found a basalt altar of Yredelemnul.
 15281 | D:10     | Reached skill level 8 in Air Magic
 15282 | D:10     | Paralysed by a hornet for 2 turns
 15531 | D:10     | Found a staircase to the Orcish Mines.
 15740 | D:10     | Found a transporter.
 15740 | D:10     | Noticed porkupine's ghost (journeyman NaFE)
 15780 | D:10     | Found an iron altar of Okawaru.
 15914 | D:10     | Found a transporter.
 15955 | D:10     | Reached XP level 11. HP: 89/89 MP: 17/20
 15958 | D:10     | Reached *** piety under Sif Muna
 16058 | D:10     | Identified the +3 leather armour of the Moon {rElec rF- rN+
                  | Slay+2}
 16423 | D:11     | Noticed a brown ugly thing
 16428 | D:11     | Killed a brown ugly thing
 16429 | D:11     | Reached skill level 1 in Invocations
 16855 | D:11     | Reached skill level 5 in Invocations
 16943 | D:11     | Noticed Sonja
 16949 | D:11     | Killed Sonja
 17087 | D:11     | Noticed a two-headed ogre
 17396 | D:11     | Reached skill level 9 in Air Magic
 17723 | D:11     | Reached skill level 10 in Air Magic
 17821 | D:11     | Noticed a two-headed ogre
 17827 | D:11     | Killed a two-headed ogre
 17856 | D:11     | Found a staircase to the Lair.
 18105 | Lair:1   | Entered Level 1 of the Lair of Beasts
 18169 | Lair:1   | Reached skill level 11 in Air Magic
 18574 | Lair:1   | Reached skill level 12 in Air Magic
 18575 | Lair:1   | Reached XP level 12. HP: 81/97 MP: 8/21
 18582 | Lair:1   | Reached **** piety under Sif Muna
 19112 | Lair:1   | Noticed a death yak
 19112 | Lair:1   | Noticed a death yak
 19112 | Lair:1   | Noticed a death yak
 19112 | Lair:1   | Noticed a death yak
 20625 | Lair:1   | Killed a death yak
 20629 | Lair:1   | Killed a death yak
 20630 | Lair:1   | Killed a death yak
 20631 | Lair:1   | Killed a death yak
 20632 | Lair:1   | Reached skill level 5 in Transmutations
 21317 | Lair:2   | Reached skill level 5 in Dodging
 21729 | Lair:2   | Found a staircase to the Swamp.
 22292 | Lair:2   | Reached ***** piety under Sif Muna
 22415 | Lair:2   | Noticed Gastronok
 22614 | Lair:2   | Reached skill level 5 in Earth Magic
 22614 | Lair:2   | Reached XP level 13. HP: 111/111 MP: 17/23
 23175 | Lair:3   | Received a gift from Sif Muna
 23183 | Lair:3   | Got Tufuu's Excursus on Electric Effluvium {god gift}
 23653 | Lair:3   | Found a staircase to the Snake Pit.
 25615 | Lair:5   | Entered Level 5 of the Lair of Beasts
 26988 | Lair:5   | Received a gift from Sif Muna
 26992 | Lair:5   | Got Sif Muna's Lessons on the Unlucky Serac {god gift}
 27363 | Lair:5   | Reached skill level 10 in Fighting
 27371 | Lair:5   | Gained mutation: Your large and strong wings let you fly.
                  | [Black Draconian growth]
 27371 | Lair:5   | Reached XP level 14. HP: 119/122 MP: 3/27
 28971 | Lair:5   | Found a viscous altar of Jiyva.
 28974 | Lair:5   | Found a staircase to the Slime Pits.
 29286 | Lair:4   | Learned a level 7 spell: Ozocubu's Refrigeration
 29450 | Orc:1    | Entered Level 1 of the Orcish Mines
 30115 | Orc:2    | Entered Level 2 of the Orcish Mines
 30535 | Orc:2    | Found a staircase to the Elven Halls.
 31352 | Orc:2    | Received a gift from Sif Muna
 31723 | Orc:2    | Got Sif Muna's Lectures on Haze and the Faeries {god gift}
 31727 | Orc:2    | Found Oxaneript's Jewellery Emporium.
 31727 | Orc:2    | Found Bare's Book Boutique.
 31728 | Orc:2    | Found Okuwohia's Antique Armour Shop.
 31728 | Orc:2    | Found Komaot's Armour Emporium.
 32426 | Orc:2    | Reached skill level 10 in Ice Magic
 33339 | Orc:2    | Bought a book of Alchemy for 308 gold pieces
 33339 | Orc:2    | Bought a book of Unlife for 396 gold pieces
 34012 | D:12     | Learned a level 3 spell: Ignite Poison
 34350 | D:12     | Found the +18 Lear's hauberk
 34900 | D:12     | Reached XP level 15. HP: 132/132 MP: 25/28
 35132 | D:13     | Received a gift from Sif Muna
 35769 | D:13     | Found a gate to the Vaults.
 36376 | D:14     | Noticed Agnes
 36592 | D:14     | Noticed Lodul
 36597 | D:14     | Killed Lodul
 37751 | D:14     | Found a runed translucent gate.
 37752 | D:14     | Found a runed translucent gate.
 37752 | D:14     | Found a runed translucent gate.
 38076 | D:14     | Killed Agnes
 38405 | D:15     | Entered Level 15 of the Dungeon
 38617 | D:15     | Found a staircase to the Depths.
 38838 | D:15     | Found a corrupted altar of Lugonu.
 38909 | D:15     | Received a gift from Sif Muna
 38938 | D:15     | Got Sif Muna's Atlas of Hiemal Vapour {god gift}
 40018 | D:15     | Found a transporter.
 40071 | D:15     | Noticed Waecyras's ghost (adept KoGl)
 40080 | D:15     | Found a bloodstained altar of Trog.
 40090 | D:15     | Identified the ring "Diugax" {Fire Str-2 Int+8 Dex-5}
 40091 | D:15     | Found a transporter.
 40216 | D:15     | Got Sif Muna's Catalogue of Malisons
 40648 | D:15     | Reached skill level 15 in Ice Magic
 42355 | Swamp:1  | Entered Level 1 of the Swamp
 42660 | Swamp:1  | Reached XP level 16. HP: 101/139 MP: 0/29
 43811 | Swamp:1  | Identified the +3 broad axe "Punluasu" {elec, *Noise rCorr
                  | Int+4 SInv}
 44060 | Swamp:2  | Received a gift from Sif Muna
 44061 | Swamp:2  | Got Umaideiti's Grimoire of Electricity and the Bane {god
                  | gift}
 45008 | Swamp:2  | Found a runed translucent door.
 45009 | Swamp:2  | Noticed Zachydoop's ghost (journeyman DsGl)
 45009 | Swamp:2  | Noticed a thorn hunter
 45208 | Swamp:2  | Identified the +0 morningstar of the Ten Dreams {freeze,
                  | Dex+2}
 45912 | Swamp:3  | Reached skill level 5 in Fire Magic
 45912 | Swamp:3  | Reached XP level 17. HP: 139/146 MP: 14/30
 47075 | Swamp:4  | Entered Level 4 of the Swamp
 48445 | Snake:1  | Entered Level 1 of the Snake Pit
 48457 | Snake:1  | Learned a level 6 spell: Plasma Beam
 49661 | Snake:1  | Found a large runed translucent door.
 49661 | Snake:1  | Found a large runed translucent door.
 49665 | Snake:1  | Noticed Smee's ghost (adept MiFi)
 50945 | Snake:1  | Killed Smee's ghost
 52087 | Snake:2  | Noticed Mlioglotl
 52090 | Snake:2  | Reached skill level 10 in Fire Magic
 52104 | Snake:2  | Killed Mlioglotl
 52470 | Snake:2  | Reached XP level 18. HP: 143/154 MP: 1/31
 54537 | Snake:3  | Received a gift from Sif Muna
 54540 | Snake:3  | Got Laaluora's Precepts of the Dragon {god gift}
 55810 | Snake:3  | Found a runed translucent gate.
 55810 | Snake:3  | Found a runed translucent gate.
 55810 | Snake:3  | Found a runed translucent gate.
 55822 | Snake:3  | Reached skill level 10 in Spellcasting
 56220 | Snake:4  | Entered Level 4 of the Snake Pit
 57709 | Snake:4  | Received a gift from Sif Muna
 57710 | Snake:4  | Got Kukhyenn's Atlas of the Rocky Volley {god gift}
 61158 | Snake:4  | Got a serpentine rune of Zot
 61266 | Snake:4  | Found Otes's General Store.
 61274 | Snake:4  | Bought a scroll of identify for 32 gold pieces
 61859 | Swamp:4  | Received a gift from Sif Muna
 62695 | Swamp:4  | Reached XP level 19. HP: 168/168 MP: 20/35
 63308 | Swamp:4  | Reached skill level 15 in Fighting
 63685 | Swamp:4  | Found a basalt altar of Yredelemnul.
 63958 | Swamp:4  | Found a blossoming altar of Fedhas.
 64070 | Swamp:4  | Got a decaying rune of Zot
 64396 | Elf:1    | Entered Level 1 of the Elven Halls
 64490 | Elf:1    | Found a radiant altar of Vehumet.
 64632 | Orc:2    | Learned a level 5 spell: Irradiate
 64638 | Orc:2    | Learned a level 5 spell: Borgnjor's Vile Clutch
 65053 | Elf:1    | Reached skill level 10 in Dodging
 65098 | Elf:1    | Reached skill level 1 in Necromancy
 65257 | Elf:1    | Found Sedaugiem's Jewellery Boutique.
 65265 | Elf:1    | Bought the amulet "Lyho Qiuho" {RegenMP Str+3} for 779 gold
                  | pieces
 65942 | Elf:1    | Found Godasum's Armour Shoppe.
 65947 | Elf:1    | Found Bokhaale's Weapon Shoppe.
 65950 | Elf:1    | Bought a +0 pair of gloves for 45 gold pieces
 65965 | Elf:1    | Paralysed by an air elemental for 1 turns
 66759 | Elf:2    | Reached skill level 10 in Invocations
 67312 | Elf:2    | Found a runed translucent gate.
 67313 | Elf:2    | Found a runed translucent gate.
 67313 | Elf:2    | Found a runed translucent gate.
 67638 | Elf:3    | Entered Level 3 of the Elven Halls
 67638 | Elf:3    | Found Qemut's Weapon Boutique.
 67698 | Elf:3    | Noticed Louise
 67703 | Abyss:2  | Cast into level 2 of the Abyss (Louise)
 67737 | Elf:3    | Escaped the Abyss
 67740 | Elf:3    | Killed Louise
 68192 | Elf:3    | Found a portal to a secret trove of treasure.
 68392 | Elf:3    | Reached XP level 20. HP: 178/178 MP: 31/36
 68409 | Elf:3    | Identified the ring of Xom's Full Attention {Ice Int-3
                  | Dex+6 Stlth+}
 68410 | Elf:3    | Received a gift from Sif Muna
 68411 | Elf:3    | Identified the +4 hand axe of Uruq Pue {drain, Str+4}
 69382 | Elf:3    | Identified the +6 hand axe of Xanliuk {venom, SInv}
 69517 | Elf:3    | Identified the +0 plate armour of the Cicada {rCorr}
 69569 | Elf:3    | Identified the amulet "Sipsucwi" {Spirit rF- Str+4 SInv}
 69585 | Elf:3    | Identified the +2 chain mail of Inorubiach {Dex+2}
 69929 | Elf:3    | Reached skill level 5 in Necromancy
 70121 | Elf:3    | Identified the staff of earth "Pyfiekec" {Will+ Dex+3}
 70414 | Vaults:1 | Entered Level 1 of the Vaults
 71669 | Vaults:1 | Identified the +11 flail of Qishrih {antimagic, Int+3}
 72466 | Vaults:2 | Received a gift from Sif Muna
 72477 | Vaults:2 | Got Sif Muna's Monograph on Icy Impulse {god gift}
 72990 | Vaults:2 | Noticed Frederick
 73015 | Vaults:2 | Killed Frederick
 73423 | Vaults:2 | Reached skill level 10 in Necromancy
 73723 | D:3      | Killed Sigmund
 74350 | D:10     | Killed porkupine's ghost
 74791 | D:14     | Found a runed translucent gate.
 74791 | D:14     | Found a runed translucent gate.
 74795 | D:14     | Found a runed translucent gate.
 74803 | D:14     | Noticed Jiolyugh's ghost (journeyman GrEE)
 74949 | D:15     | Reached skill level 13 in Air Magic
 75178 | Lair:2   | Killed Gastronok
 75308 | Lair:2   | Learned a level 4 spell: Passage of Golubria
 75655 | Vaults:2 | Reached skill level 1 in Translocations
 76666 | Vaults:3 | Found a crumbling gateway.
 76715 | Vaults:3 | Reached skill level 5 in Translocations
 76802 | Desolati | Entered the Desolation of Salt
 77101 | Desolati | Reached XP level 21. HP: 139/184 MP: 17/37
 77854 | Vaults:3 | Found Hannedy's Armour Emporium.
 78295 | Vaults:3 | Identified the +3 fire dragon scales of Unreason {rElec
                  | rF++ rC- Int+2 Dex+3}
 78451 | Vaults:3 | Identified the staff of poison "Tomofets" {+Blink rElec
                  | rPois Str+8 Int-3}
 78488 | Vaults:3 | Noticed an ancient lich
 78764 | Vaults:3 | Received a gift from Sif Muna
 78765 | Vaults:3 | Got Sif Muna's Vellum of Feathery Incineration {god gift}
 78852 | Vaults:3 | Killed an ancient lich
 79029 | Vaults:3 | Identified the ring of Siakeusa {*Slow rF+ rC+ rN+ Int+2
                  | Dex+6}
 79682 | Vaults:3 | Found a staircase to the Crypt.
 79682 | Vaults:3 | Found an ancient bone altar of Kikubaaqudgha.
 79683 | Vaults:3 | Found a basalt altar of Yredelemnul.
 79823 | Vaults:3 | Reached skill level 10 in Translocations
 80893 | Vaults:3 | Identified the +0 robe of Iziucyt {Harm Dex+2}
 81337 | Vaults:4 | Noticed Margery
 81869 | Vaults:4 | Noticed Mennas
 81911 | Vaults:4 | Killed Margery
 82142 | Vaults:4 | Reached skill level 14 in Air Magic
 87026 | Slime:1  | Entered Level 1 of the Pits of Slime
 87500 | Slime:2  | Received a gift from Sif Muna
 87503 | Slime:2  | Got Iviem's Writings on Vile Bringing Forth {god gift}
 88840 | Slime:3  | Reached skill level 10 in Transmutations
 89383 | Slime:3  | Gained mutation: Your magical capacity is low. (-10% MP) [a
                  | shining eye]
 89392 | Slime:3  | Received a gift from Sif Muna
 89393 | Slime:3  | Reached skill level 15 in Air Magic
 89436 | Slime:3  | Reached XP level 22. HP: 192/192 MP: 20/34
 89971 | Slime:4  | Gained mutation: Your magical capacity is very low. (-20%
                  | MP) [a shining eye]
 90768 | Slime:5  | Entered Level 5 of the Pits of Slime
 93164 | Slime:5  | Noticed the Royal Jelly
 93169 | Slime:5  | Killed the Royal Jelly
 95395 | Slime:5  | Reached skill level 16 in Air Magic
 95678 | Slime:5  | Identified the +3 kite shield of the Arcane {rElec rPois
                  | MP-9 Int+6}
 95681 | Slime:5  | Identified the +5 arbalest of Vyufoxza {freeze, rC+ rN+
                  | Will+}
 95754 | Slime:5  | Identified the staff of earth "Unickehu" {rElec rN++}
 95757 | Slime:5  | Identified the amulet "Doam" {Reflect Harm +Blink Slay+3
                  | SH+5 Stlth+}
 95768 | Slime:5  | Got a slimy rune of Zot
 96478 | Elf:3    | You showed the slimy rune of Zot to enter a treasure trove
 96479 | Trove    | Entered a treasure trove
 96542 | Trove    | Found the +12 pair of quick blades "Gyre" and "Gimble"
                  | {protect}
 96542 | Trove    | Found the +7 lajatang of Order {silver, rMut}
 96555 | Trove    | Identified the +4 quarterstaff of Soppovinn {holy, rN+
                  | Will+ Int+3}
 96690 | Elf:2    | Learned a level 7 spell: Storm Form
 97201 | Crypt:1  | Entered Level 1 of the Crypt
 98045 | Vaults:3 | Lost mutation: Your magical capacity is very low. (-20% MP)
                  | [potion of mutation]
 98045 | Vaults:3 | Lost mutation: Your magical capacity is low. (-10% MP)
                  | [potion of mutation]
 98045 | Vaults:3 | Gained mutation: You passively map a small area around you.
                  | [potion of mutation]
 98045 | Vaults:3 | Gained mutation: Your tail ends in a venomous barb. [potion
                  | of mutation]
 98045 | Vaults:3 | Gained mutation: You sometimes lose your temper in combat.
                  | [potion of mutation]
 98046 | Vaults:3 | Lost mutation: You passively map a small area around you.
                  | [potion of mutation]
 98046 | Vaults:3 | Lost mutation: Your tail ends in a venomous barb. [potion
                  | of mutation]
 98046 | Vaults:3 | Lost mutation: You sometimes lose your temper in combat.
                  | [potion of mutation]
 98046 | Vaults:3 | Gained mutation: Your flesh is cold resistant. (rC+)
                  | [potion of mutation]
 98353 | Crypt:1  | Found a runed translucent door.
 98353 | Crypt:1  | Found a shimmering altar of Xom.
 98353 | Crypt:1  | Noticed Woadakig's ghost (veteran FoFi)
 98354 | Crypt:1  | Identified the +10 triple sword of Devotion {chaos, rC+
                  | rCorr Int-3}
100225 | Crypt:2  | Reached skill level 15 in Transmutations
100711 | Crypt:3  | Entered Level 3 of the Crypt
101885 | Crypt:3  | Received a gift from Sif Muna
101886 | Crypt:3  | Reached skill level 1 in Unarmed Combat
102057 | Crypt:3  | Reached XP level 23. HP: 199/199 MP: 12/39
102068 | Crypt:2  | Learned a level 2 spell: Sublimation of Blood
102278 | Crypt:3  | Noticed an ancient lich
102287 | Crypt:3  | Killed an ancient lich
102913 | Crypt:3  | Reached skill level 10 in Unarmed Combat
103223 | Crypt:3  | Found a staircase to the Tomb.
103327 | Crypt:3  | Identified the +1 buckler "Moapiacoejy" {Str+3 Dex+4 SInv}
103329 | Crypt:3  | Noticed a dread lich
103336 | Crypt:3  | Killed a dread lich
103752 | Crypt:3  | Found a runed translucent gate.
103752 | Crypt:3  | Found a runed translucent gate.
103752 | Crypt:3  | Found a runed translucent gate.
103753 | Crypt:3  | Found an opulent altar of Gozag.
103766 | Crypt:3  | Identified the +2 scale mail of Tussauv {Harm rPois rF+++}
103913 | Crypt:3  | Found a basalt altar of Yredelemnul.
103916 | Crypt:3  | Found an ancient bone altar of Kikubaaqudgha.
103924 | Crypt:3  | Identified the staff of earth "Ittaw" {+Blink rF+++ Stlth-}
103961 | Crypt:3  | Got the Handbook of Filth and Doom
104209 | Crypt:3  | Noticed Woadakig's ghost (veteran FoFi)
104476 | Depths:1 | Entered Level 1 of the Depths
104543 | Depths:1 | Found a runed translucent door.
104543 | Depths:1 | Noticed Plog's ghost (adept DgCj)
104570 | Depths:1 | Found a gateway to Hell.
104597 | Depths:1 | Received a gift from Sif Muna
104598 | Depths:1 | Got Teomefang's Codex of Gelid Arcane Weapons {god gift}
104759 | Depths:1 | Found a one-way gate leading to the halls of Pandemonium.
104816 | Depths:1 | Found Foxaor's Weapon Shop.
104822 | Depths:1 | Found Sokudoen's Assorted Antiques.
104822 | Depths:1 | Found Boxkou Cewn's Antique Weapon Boutique.
104824 | Depths:1 | Identified the +9 arbalest of Premature Burial {freeze, rC+
                  | rCorr}
104825 | Depths:1 | Found Viejefu's General Store.
104833 | Depths:1 | Bought a potion of lignification for 84 gold pieces
104833 | Depths:1 | Bought a potion of heal wounds for 140 gold pieces
104833 | Depths:1 | Bought a potion of mutation for 224 gold pieces
104833 | Depths:1 | Bought a potion of brilliance for 112 gold pieces
104833 | Depths:1 | Bought a scroll of fog for 112 gold pieces
104833 | Depths:1 | Bought a scroll of fog for 112 gold pieces
104833 | Depths:1 | Bought 2 scrolls of magic mapping for 420 gold pieces
104839 | Depths:1 | Bought a transparent dire flail for 270 gold pieces
104839 | Depths:1 | Identified the +6 dire flail of Departure {heavy, Contam
                  | rPois rCorr Dex-3} (You bought it in a shop on level 1 of
                  | the Depths)
105789 | Depths:1 | Identified the +1 spear "Afuapott" {spect, Dex+7}
106673 | Depths:1 | Reached skill level 15 in Unarmed Combat
107592 | Depths:2 | Received a gift from Sif Muna
108280 | Depths:2 | Found a transporter.
108755 | Depths:3 | Noticed Saint Roka
108915 | Depths:2 | Reached skill level 17 in Air Magic
109000 | Depths:2 | Reached XP level 24. HP: 161/206 MP: 38/39
109330 | Depths:3 | Killed Saint Roka
109829 | Depths:3 | Noticed Grunn
109835 | Depths:3 | Killed Grunn
110159 | Depths:3 | Reached skill level 18 in Air Magic
110327 | Depths:3 | Received a gift from Sif Muna
110424 | Depths:3 | Got Vuajais's Information on the Unholy Fifth Circle {god
                  | gift}
110602 | Depths:3 | Identified the +7 morningstar "Otenor" {freeze, Int+4}
110729 | Depths:3 | Found a one-way gate to the infinite horrors of the Abyss.
111251 | Depths:4 | Entered Level 4 of the Depths
111385 | Depths:4 | Noticed a juggernaut
111747 | Depths:4 | Reached skill level 19 in Air Magic
112078 | Depths:4 | Noticed a juggernaut
112179 | Depths:3 | Killed a juggernaut
112679 | Depths:4 | Noticed a juggernaut
112681 | Depths:4 | Reached skill level 20 in Air Magic
112687 | Depths:4 | Killed a juggernaut
112856 | Depths:4 | Identified the +11 flail of Doom {freeze, rF+}
113404 | Depths:4 | Killed a juggernaut
113564 | Depths:4 | Found Joumetul's Armour Boutique.
113797 | Depths:4 | Reached skill level 21 in Air Magic
113910 | Depths:4 | Identified the +1 ring mail of the Silversmith {Dex+3}
114213 | Depths:4 | Found a one-way gateway to a ziggurat.
114258 | Depths:4 | Found Qiwa Edi's Jewellery Shoppe.
114258 | Depths:4 | Found Pacoor's Book Shop.
114259 | Depths:4 | Found Odanuoll's Book Shop.
114265 | Depths:4 | Bought a book of Transfigurations for 400 gold pieces
114265 | Depths:4 | Bought a book of the Earth for 360 gold pieces
114269 | Depths:4 | Bought a book of Annihilations for 1320 gold pieces
114269 | Depths:4 | Bought a book of the Wilderness for 836 gold pieces
114269 | Depths:4 | Bought Rouschane's Grimoire of Assistive Hypothermia for
                  | 616 gold pieces
114379 | Depths:4 | Identified the staff of earth "Ogiecisu" {*Slow rElec rCorr
                  | MP+9}
114468 | Depths:4 | Found a gate to the Realm of Zot.
114786 | Zot:1    | Entered Level 1 of the Realm of Zot
115531 | Vaults:4 | Received a gift from Sif Muna
115532 | Vaults:4 | Got Otefif's Anthology of Unholy Fascination {god gift}
116939 | Vaults:4 | Killed Mennas
117310 | Vaults:4 | Found Luerev's Assorted Antiques.
117318 | Vaults:4 | Bought a potion of attraction for 93 gold pieces
117318 | Vaults:4 | Bought a potion of mutation for 248 gold pieces
117318 | Vaults:4 | Bought a potion of brilliance for 124 gold pieces
119407 | Zot:1    | Identified a scroll of acquirement
119450 | Zot:1    | Reached XP level 25. HP: 183/213 MP: 22/40
119459 | Zot:1    | Acquired the scarf of Iplif {rC+ rF+, rPois}
120254 | Zot:1    | Received a gift from Sif Muna
120255 | Zot:1    | Got Sif Muna's Commentary on Anthracomancy and Wanderlust
                  | {god gift}
121192 | Zot:2    | Reached skill level 15 in Spellcasting
125052 | Zot:3    | Learned a level 4 spell: Manifold Assault
125061 | Zot:3    | Learned a level 8 spell: Maxwell's Capacitive Coupling
125263 | Zot:4    | Noticed a Killer Klown
125267 | Zot:4    | Killed a Killer Klown
125580 | Zot:4    | Identified the +2 scale mail of Hepliaklqana's Outrage
                  | {rElec Str-2 Dex+6 SInv}
126448 | Zot:5    | Entered Level 5 of the Realm of Zot
126529 | Zot:5    | Received a gift from Sif Muna
127465 | Zot:5    | Noticed an orb of fire
127466 | Zot:5    | Gained mutation: Potions are less effective at restoring
                  | your health. [an orb of fire]
127467 | Zot:5    | Gained mutation: You are dopey. (Int -2) [an orb of fire]
127468 | Zot:5    | Killed an orb of fire
127513 | Zot:5    | Noticed a Killer Klown
127533 | Zot:5    | Killed a Killer Klown
127690 | Zot:5    | Noticed a dread lich
127694 | Zot:5    | Killed a dread lich
127742 | Zot:5    | Noticed a Killer Klown
127745 | Zot:5    | Killed a Killer Klown
127746 | Zot:5    | Reached XP level 26. HP: 227/227 MP: 39/45
128020 | Zot:5    | Noticed an ancient lich
128024 | Zot:5    | Killed an ancient lich
128029 | Zot:5    | Noticed an orb of fire
128036 | Zot:5    | Killed an orb of fire
128553 | Zot:5    | Noticed a dread lich
128557 | Zot:5    | Killed a dread lich
128743 | Zot:5    | Noticed an orb of fire
128747 | Zot:5    | Killed an orb of fire
128748 | Zot:5    | Noticed a dread lich
128753 | Zot:5    | Killed a dread lich
129522 | Zot:5    | Noticed an orb of fire
129526 | Zot:5    | Gained mutation: Your spells are a little easier to cast,
                  | but a little less powerful. [an orb of fire]
129528 | Zot:5    | Killed an orb of fire
130389 | Zot:5    | Noticed an ancient lich
130395 | Zot:5    | Killed an ancient lich
130581 | Zot:5    | Noticed an ancient lich
130590 | Zot:5    | Killed an ancient lich
132079 | Zot:5    | Noticed an ancient lich
132091 | Zot:5    | Killed an ancient lich
132646 | Zot:5    | Mangled by an Orb Guardian

Illustrated notes

Levels and vault maps discovered:
D:1:      amcnicky_arrival_abandoned_market, layout_basic
D:2:      layout_loops_ring, kennysheep_generic_room_2, uniq_terence
D:3:      layout_basic, cheibrodos_ashenzari_chains, uniq_sigmund
D:4:      layout_basic, tgw_fedhas, lightli_corner_chamber
D:5:      layout_layer_cave, kennysheep_potato
D:6:      gammafunk_cloud_chamber, layout_basic, portal_sewer_entry_f,
          kennysheep_generic_room_6
D:7:      layout_loops_cross, minmay_temple_entry_proselytizer,
          nicolae_specific_store
D:8:      layout_basic, trog_hazing_becter, minmay_misc_feat_encased,
          minmay_increasing_density
D:9:      layout_stronghold, amcnicky_altar_gilded,
          mainiacjoe_overflow_alcove_1, enter_bailey_1
D:10:     layout_gridville, kennysheep_okawaru_gauntlet,
          yredelemnul_altar_generic, gammafunk_ghost_arena
D:11:     layout_roguey, hellmonk_lair_entry_icy, uniq_sonja
D:12:     layout_loops_cross, hellmonk_guarded_unrand_lears
D:13:     layout_gridville, david_vaults_2, minmay_fractal_squares_gapless_5
D:14:     layout_irregular_city, ploomutoo_gammafunk_ghost_potion_laboratory,
          chequers_serial_rivers_micro_b, uniq_agnes, uniq_lodul
D:15:     gammafunk_depths_entry_grave, layout_loops_corners,
          gauntlet_entry_generic, gammafunk_ghost_wrathful_warriors,
          serial_park_tiny_pond, tgw_lugonu_bribe
Temple:   regret_index_temple_waves
Lair:1:   dreamdust_cave_troll, layout_concentric_octagons, grunt_megastairs_3
Lair:2:   layout_regular_city, swamp_mist, portal_ice_cave_entry_pillars_1,
          uniq_gastronok
Lair:3:   layout_cave_pods, nicolae_snake_entry_warm_welcome, lemuel_fruit_tree,
          serial_bayou_shore_a
Lair:4:   layout_gridlike
Lair:5:   minmay_lair_end_frog_pond, layout_regular_city,
          dpeg_slime_entry_corner
Swamp:1:  layout_basic_swamp, evilmike_swamp_ruin_wall
Swamp:2:  layout_basic_swamp, ebering_ghost_inner_flame,
          evilmike_swamp_ruin_house_3, statue_in_the_mist_lemuel, swamp_pool5,
          infiniplex_staircase_pool
Swamp:3:  layout_basic_swamp, nicolae_swamp_tree_isthmus, hangedman_swamp_dais
Swamp:4:  byrel_swamp_growth_death_and_undeath, layout_basic_swamp, swamp_pool5,
          nicolae_swamp_spooky_pond
Snake:1:  layout_layer_cave, ebering_ghost_disaster_area
Snake:2:  layout_layer_cave, uniq_mlioglotl
Snake:3:  layout_honeycomb, nicolae_snake_horde_hoard
Snake:4:  minmay_snake_end_coiled, layout_rooms, serial_shops, shop
Slime:1:  layout_caves
Slime:2:  layout_caves, nicolae_slime_phagocytosis
Slime:3:  layout_caves
Slime:4:  layout_caves
Slime:5
Orc:1:    minmay_goldmine, layout_caves
Orc:2:    st_orc_ogre_mass, layout_diamond_mine, library_closet
Elf:1:    eino_elf_arrival_altar, layout_geoelf_diagonals, serial_shops, shop,
          minivault_28, minmay_shop_star
Elf:2:    nicolae_elf_blades_crystal_corner, layout_geoelf_grid
Elf:3:    minmay_elf_hall_not_hex, layout_geoelf_diagonals, serial_shops, shop,
          nicolae_trove_entry_free_sample, uniq_louise
Vaults:1: nicolae_vaults_trapezoid_2, nicolae_vaults_house_3,
          nicolae_vaults_spaceships, nicolae_vaults_double_plus_2,
          nicolae_vaults_trapezoid_lopsided_3, nicolae_vaults_octothorpe,
          nicolae_vaults_offset_grid_hallway_3, vaults_mumra_hexcomb, v_misc_27,
          nicolae_vaults_circle_grid_b, layout_vaults_omnibox
Vaults:2: mu_enter_wizlab_2, v_misc_27, hangedman_vaults_capsules, v_misc_17,
          ontoclasm_vaults_hangar, nicolae_vaults_door_testing_chamber,
          nicolae_vaults_an_arrangement, vaults_mumra_chevron_long, v_pattern_3,
          ontoclasm_vaults_loading_screen, vaults_dpeg_hooks, vaults_room_fours,
          layout_vaults_omnicross, uniq_frederick
Vaults:3: portal_desolation_entry_salt, minmay_crypt_entry_necro_gods,
          hangedman_vaults_impose, st_greater_box_4, v_misc_5,
          nicolae_vaults_closet_pinwheel_6, nicolae_vaults_theta,
          v_alt_pattern_5, layout_vaults_omnigrid, serial_shops, shop
Vaults:4: grunt_vaults_funnel, v_rooms_3, nicolae_vaults_trapezoid_lopsided_4,
          nicolae_vaults_theta, nicolae_vaults_trapezoid_lopsided_2,
          ontoclasm_vaults_misaligned, v_pattern_1,
          nicolae_vaults_tetromino_Z_2, nicolae_vaults_surprise_closet,
          v_alt_pattern_6, nicolae_vaults_stepped_doors,
          nicolae_vaults_trapezoid_lopsided_1, layout_vaults_big_room,
          serial_shops, shop, uniq_mennas, uniq_margery
Crypt:1:  layout_misc_corridors, ebering_ghost_xom
Crypt:2:  layout_gridlike, ebering_dispersal_statue_hall
Crypt:3:  lightli_unholy_cathedral, layout_chaotic_city, ebering_ghost_gozag,
          grunt_megastairs_2
Depths:1: layout_basic, rand_demon_pan_entry_7, hell_entry,
          hellmonk_ghost_happy_afterlife,
          nicolae_concentric_dashed_squares_wild, nrook_campfire,
          chequers_serial_rivers_large_b, grunt_tough_drop, firewood_loft,
          minmay_shoptagon, serial_bayou_shore_b
Depths:2: emtedronai_trogs_sanctum, layout_cave_pools, grunt_pan_entry_sceptre,
          pf_hell_entry_tar_river
Depths:3: ragdoll_tomb_raider, layout_basic, minmay_hedge_maze, hell_entry,
          abyss_entry, infiniplex_staircase_star, serial_bayou_shore_b,
          uniq_saint_roka, uniq_grunn
Depths:4: grunt_zot_entry_pinwheel, layout_cave_pools, enter_ziggurat_e,
          serial_shops, shop, hell_entry, minmay_swirly_circle,
          minmay_shop_grove
Zot:1:    layout_cathedral_of_symmetry, grunt_megastairs_4
Zot:2:    layout_twisted_circle, grunt_ministairs_1
Zot:3:    layout_misc_corridors, grunt_ministairs_3, drop_trap
Zot:4:    layout_onion_interference, grunt_ministairs_15, skrybe_zot_glass_2,
          grunt_megastairs_1
Zot:5:    layout_misc_corridors

Skill      XL: |  1  2  3  4  5  6  7  8  9 10 11 12 13 14 15 16 17 18 19 20 21 22 23 24 25 26 |
---------------+-------------------------------------------------------------------------------+-----
Spellcasting   | 3 4 6 9 12 13 18 | 18.0
Earth Magic    | 4 3 5 8 |  8.0
Conjurations   | 1 2 4 6 8 |  8.0
Stealth        | 2 4 |  4.0
Air Magic      | 4 8 12 13 15 16 17 21 | 21.5
Poison Magic   | 4 |  4.0
Ice Magic      | 6 7 8 11 16 17 18 | 18.0
Fighting       | 4 6 9 10 12 14 15 16 19 | 19.5
Dodging        | 4 6 8 10 | 10.0
Invocations    | 6 13 14 | 14.0
Transmutations | 6 10 16 | 16.0
Fire Magic     | 5 10 12 | 12.0
Necromancy     | 1 10 | 10.0
Translocations | 5 10 | 10.0
Unarmed Combat | 4 16 | 16.0

Action                     |  1- 3 |  4- 6 |  7- 9 | 10-12 | 13-15 | 16-18 | 19-21 | 22-24 | 25-27 || total
---------------------------+-------+-------+-------+-------+-------+-------+-------+-------+-------++-------
  Melee: Dagger            |       |     1 |    10 |    12 |   103 |       |       |       |       ||   126
         Tailslap          |       |       |     1 |     1 |    16 |       |       |       |       ||    18
         Punch             |       |       |       |       |     3 |       |       |    56 |    23 ||    82
         Broad axe         |       |       |       |       |       |       |     1 |       |       ||     1
         Staff             |       |       |       |       |       |       |    11 |     1 |     8 ||    20
         Unarmed           |       |       |       |       |       |       |       |   574 |   271 ||   845
   Cast: Sandblast         |    65 |   115 |   148 |    77 |   103 |    12 |     5 |     3 |       ||   528
         Passwall          |     5 |     2 |     2 |     7 |    17 |     2 |       |       |       ||    35
         Stone Arrow       |       |     1 |    74 |   188 |   266 |    32 |   115 |    33 |       ||   709
         Mephitic Cloud    |       |       |    11 |     8 |       |       |       |       |       ||    19
         Poisonous Vapours |       |       |    50 |   156 |   271 |    42 |   286 |    74 |    42 ||   921
         Hailstorm         |       |       |     2 |       |       |       |       |       |       ||     2
         Freezing Cloud    |       |       |       |    58 |   199 |    43 |    19 |       |       ||   319
         Ignite Poison     |       |       |       |       |    52 |    28 |   210 |    45 |    33 ||   368
         Ozocubu's Refrige |       |       |       |       |    13 |   380 |   345 |   153 |       ||   891
         Plasma Beam       |       |       |       |       |       |    26 |    64 |   396 |   107 ||   593
         Borgnjor's Vile C |       |       |       |       |       |       |   108 |    28 |     1 ||   137
         Irradiate         |       |       |       |       |       |       |    12 |    63 |     3 ||    78
         Passage of Golubr |       |       |       |       |       |       |     1 |    20 |     1 ||    22
         Storm Form        |       |       |       |       |       |       |       |   128 |    85 ||   213
         Maxwell's Capacit |       |       |       |       |       |       |       |     1 |    36 ||    37
         Manifold Assault  |       |       |       |       |       |       |       |       |    91 ||    91
 Invoke: Channel Magic     |       |       |       |       |       |     3 |     5 |     9 |     2 ||    19
         Forget Spell      |       |       |       |       |       |     1 |       |       |       ||     1
         Divine Exegesis   |       |       |       |       |       |       |       |     1 |       ||     1
Ability: Breathe Lightning |       |       |     1 |       |     1 |       |       |       |       ||     2
         Blinkbolt         |       |       |       |       |       |       |       |     9 |     3 ||    12
  Evoke: Wand              |       |       |       |     2 |       |     4 |     1 |     5 |     2 ||    14
         Box of beasts     |       |       |       |       |       |     1 |     1 |     1 |       ||     3
         Phantom mirror    |       |       |       |       |       |     1 |     1 |     1 |       ||     3
         Phial of floods   |       |       |       |       |       |       |     1 |       |       ||     1
    Use: Potion            |       |     1 |       |       |       |     1 |     8 |     8 |       ||    18
         Scroll            |       |       |     7 |     9 |     6 |     6 |    13 |     8 |     6 ||    55
   Stab: Sleeping          |       |       |       |       |       |       |       |       |     1 ||     1
 Armour: Skin              |    16 |    17 |    52 |   104 |   188 |    82 |   176 |   291 |   108 ||  1034
  Dodge: Dodged            |    19 |    52 |   111 |   135 |   323 |   102 |   246 |  1013 |   314 ||  2315
  Block: Buckler           |       |       |       |       |       |    19 |    42 |    37 |     9 ||   107
